Workbook
Name \0: #REF!
Name \0: #REF!
Name \0: #REF!
Name \a: #REF!
Name \a: #REF!
Name \a: #REF!
Name \s: #REF!
Name \s: #REF!
Name \s: #REF!
Name _____pln2: #REF!
Name _____pln2: #REF!
Name _____pln2: #REF!
Name ____1Excel_BuiltIn_Print_Titles_15_1_1_1_1: #REF!
Name ____1Excel_BuiltIn_Print_Titles_15_1_1_1_1: #REF!
Name ____1Excel_BuiltIn_Print_Titles_15_1_1_1_1: #REF!
Name ____2Excel_BuiltIn_Print_Titles_16_1: #REF!,#REF!
Name ____2Excel_BuiltIn_Print_Titles_16_1: #REF!,#REF!
Name ____2Excel_BuiltIn_Print_Titles_16_1: #REF!,#REF!
Name ____3Excel_BuiltIn_Print_Titles_16_1_1_1: #REF!
Name ____3Excel_BuiltIn_Print_Titles_16_1_1_1: #REF!
Name ____3Excel_BuiltIn_Print_Titles_16_1_1_1: #REF!
Name ____OR1: '[1]orcID nº1'!$A$14:$G$1025
Name ____OR12: '[1]orc ID nº12'!$A$16:$G$181
Name ____OR13: '[1]orc ID nº13'!$A$13:$G$34
Name ____OR14: '[1]orc ID nº 14'!$A$14:$G$16
Name ____OR15: '[1]orc ID nº 15'!$A$14:$G$104
Name ____OR16: '[1]orc ID nº16'!$A$14:$G$33
Name ____OR17: '[1]orc ID nº17'!$A$16:$G$80
Name ____OR18: '[1]orc ID nº 18'!$A$14:$G$123
Name ____OR19: '[1]orc ID nº19'!$A$14:$G$96
Name ____OR2: '[1]orc ID nº2 '!$A$14:$G$70
Name ____OR3: '[1]orc ID nº3'!$A$14:$G$134
Name ____OR4: '[1]orcID nº4'!$A$14:$G$165
Name ____OR5: '[1]orcID nº5'!$A$14:$G$149
Name ____OR6: '[1]orcID nº6'!$A$14:$G$138
Name ____OR7: '[1]orcID nº7'!$A$14:$G$137
Name ____OR8: '[1]orc ID nº8'!$A$14:$G$133
Name ____OR9: '[1]orc ID nº9'!$A$14:$G$157
Name ____pln2: #REF!
Name ____pln2: #REF!
Name ____pln2: #REF!
Name ____r: #REF!
Name ____r: #REF!
Name ____r: #REF!
Name ____tab0198: '[2]DER janeiro98'!$A$1:$D$810
Name ___1Excel_BuiltIn_Print_Titles_15_1_1_1_1: #REF!
Name ___1Excel_BuiltIn_Print_Titles_15_1_1_1_1: #REF!
Name ___1Excel_BuiltIn_Print_Titles_15_1_1_1_1: #REF!
Name ___2Excel_BuiltIn_Print_Titles_16_1: #REF!,#REF!
Name ___2Excel_BuiltIn_Print_Titles_16_1: #REF!,#REF!
Name ___2Excel_BuiltIn_Print_Titles_16_1: #REF!,#REF!
Name ___3Excel_BuiltIn_Print_Titles_16_1_1_1: #REF!
Name ___3Excel_BuiltIn_Print_Titles_16_1_1_1: #REF!
Name ___3Excel_BuiltIn_Print_Titles_16_1_1_1: #REF!
Name ___4Excel_BuiltIn_Print_Titles_17_1: '[3]rev int TP'!$A$1:$B$65536,'[3]rev int TP'!$A$1:$IV$6
Name ___5Excel_BuiltIn_Print_Titles_18_1: #REF!,#REF!
Name ___5Excel_BuiltIn_Print_Titles_18_1: #REF!,#REF!
Name ___5Excel_BuiltIn_Print_Titles_18_1: #REF!,#REF!
Name ___6Excel_BuiltIn_Print_Titles_19_1: #REF!,#REF!
Name ___6Excel_BuiltIn_Print_Titles_19_1: #REF!,#REF!

Sheet Relatório
B1: GOINFRA - Agência Goiana de Infraestrutura e Transportes | F1: 05/04/2023 - 09:07
B3: Orçamento Sintético
A5: Setor | B5: : PL-GECOB - GERENCIA DE CUSTOS E ORÇAMENTOS DE OBRAS RODOVIARIAS
A6: Orçamento | B6: : 202300036003293-1/2023
A7: Descrição | B7: : ORÇAMENTO DA OBRA DE ARTE ESPECIAL SOBRE O RIO CRIXÁS MIRIM
A8: Versão | B8: : ORÇAMENTO REALIZADO NA TABELA DE TERRAPLENAGEM, PAVIMENTAÇÃO E OBRAS DE ARTE ESPECIAIS - MAR/23 - SEM DESONERAÇÃO - T199
A9: Trecho | B9: :
A10: Nat. Serviço | B10: : Obra Rodoviária
A11: Subtrecho | B11: :
A12: Extensão | B12: : 60,00 m
A13: BDI | B13: : 20,48%
A18: Cód. Auxiliar | B18: Serviço | C18: Unid. | D18: Quantidade | E18: Preço Unitário | F18: Total
A19: 100001 | B19: TERRAPLENAGEM
A20: 40001 | B20: DESMATAMENTO, DESTOCAMENTO E LIMPEZA - ÁRVORES COM DIÂMETROS MENORES DE 15 CM | C20: m2 | D20: 800 | E20: 0.27 | F20: 216
A21: 40015 | B21: ESCAV., CARGA E TRANSPORTE DE MAT. 1ª CATEG. - C/ ESCAVADEIRA - (DT: 51 A 200M) | C21: m3 | D21: 80.45 | E21: 8.12 | F21: 653.25
A22: 45430 | B22: REATERRO APILOADO DE VALAS | C22: m3 | D22: 25.25 | E22: 58.72 | F22: 1482.68
A24: Total do Grupo : | F24: 2351.93
A27: Cód. Auxiliar | B27: Serviço | C27: Unid. | D27: Quantidade | E27: Preço Unitário | F27: Total
A28: 52 | B28: INFRA-ESTRUTURA - BLOCO
A29: 45040 | B29: FORMA CHAPA COMPENSADA PLASTIFICADA 17 MM (INCLUSO DESFORMA) | C29: m2 | D29: 44.64 | E29: 141.32 | F29: 6308.52
A30: 45045 | B30: AÇO CA50/60 AQUISIÇÃO, ARMAÇÃO E COLOCAÇÃO (INCLUSO PERDAS) - INFRAESTRUTURA | C30: Kg | D30: 3781 | E30: 16.85 | F30: 63709.85
A31: 45131 | B31: CONCRETO FCK=30 MPA COM ADITIVO | C31: m3 | D31: 69.19 | E31: 685.57 | F31: 47434.58
A33: Total do Grupo : | F33: 117452.95
A36: Cód. Auxiliar | B36: Serviço | C36: Unid. | D36: Quantidade | E36: Preço Unitário | F36: Total
A37: 52 | B37: INFRA-ESTRUTURA - ESTACA
A38: 2306070 DN | B38: ESTACA RAIZ PERFURADA NA ROCHA COM D=31 CM - CONFECÇÃO | C38: m | D38: 216 | E38: 1413.64 | F38: 305346.24
A39: 2306066 DN | B39: ESTACA RAIZ PERFURADA NO SOLO D=40 CM - CONFECÇÃO | C39: m | D39: 901.8 | E39: 245.15 | F39: 221076.27
A40: 2306248 DN | B40: ARRASAMENTO DE ESTACAS DE CONCRETO COM SEÇÃO SUPERIOR À 900 CM2 | C40: m3 | D40: 2.48 | E40: 541.83 | F40: 1343.73
A41: 45045 | B41: AÇO CA50/60 AQUISIÇÃO, ARMAÇÃO E COLOCAÇÃO (INCLUSO PERDAS) - INFRAESTRUTURA | C41: Kg | D41: 10674 | E41: 16.85 | F41: 179856.9
A42: 2306733 DN | B42: CAMISA METÁLICA COM ESPESSURA DE 6.3 MM D=400 MM - PARA PASSAGEM DE LÂMINA DÁGUA - POSICIONAMENTO | C42: m | D42: 126 | E42: 1072.91 | F42: 135186.66
A44: Total do Grupo : | F44: 842809.8
A47: Cód. Auxiliar | B47: Serviço | C47: Unid. | D47: Quantidade | E47: Preço Unitário | F47: Total
A48: 52 | B48: INFRA-ESTRUTURA - TRAVESSA BLOCOS
A49: 45040 | B49: FORMA CHAPA COMPENSADA PLASTIFICADA 17 MM (INCLUSO DESFORMA) | C49: m2 | D49: 17.71 | E49: 141.32 | F49: 2502.77
A50: 45045 | B50: AÇO CA50/60 AQUISIÇÃO, ARMAÇÃO E COLOCAÇÃO (INCLUSO PERDAS) - INFRAESTRUTURA | C50: Kg | D50: 259 | E50: 16.85 | F50: 4364.15
A51: 45131 | B51: CONCRETO FCK=30 MPA COM ADITIVO | C51: m3 | D51: 2.95 | E51: 685.57 | F51: 2022.43
A53: Total do Grupo : | F53: 8889.35
A56: Cód. Auxiliar | B56: Serviço | C56: Unid. | D56: Quantidade | E56: Preço Unitário | F56: Total
A57: 55 | B57: MESO-ESTRUTURA - PILARES
A58: 45115 | B58: FORMA CHAPA COMPENSADA PLASTIFICADA 17 MM (INCLUSO DESFORMA) | C58: m2 | D58: 85.95 | E58: 141.32 | F58: 12146.45
A59: 45120 | B59: AÇO CA50/60 AQUISIÇÃO, ARMAÇÃO E COLOCAÇÃO (INCLUSO PERDAS) - MESOESTRUTURA | C59: Kg | D59: 2410 | E59: 16.85 | F59: 40608.5
A60: 45131 | B60: CONCRETO FCK=30 MPA COM ADITIVO | C60: m3 | D60: 25.79 | E60: 685.57 | F60: 17680.85
A62: Total do Grupo : | F62: 70435.8
A65: Cód. Auxiliar | B65: Serviço | C65: Unid. | D65: Quantidade | E65: Preço Unitário | F65: Total
A66: 55 | B66: MESO-ESTRUTURA - VIGA DE TRAVAMENTO
A67: 45040 | B67: FORMA CHAPA COMPENSADA PLASTIFICADA 17 MM (INCLUSO DESFORMA) | C67: m2 | D67: 45.96 | E67: 141.32 | F67: 6495.06
A68: 45045 | B68: AÇO CA50/60 AQUISIÇÃO, ARMAÇÃO E COLOCAÇÃO (INCLUSO PERDAS) - INFRAESTRUTURA | C68: Kg | D68: 481 | E68: 16.85 | F68: 8104.85
A69: 45131 | B69: CONCRETO FCK=30 MPA COM ADITIVO | C69: m3 | D69: 5.52 | E69: 685.57 | F69: 3784.34
A71: Total do Grupo : | F71: 18384.25
A74: Cód. Auxiliar | B74: Serviço | C74: Unid. | D74: Quantidade | E74: Preço Unitário | F74: Total
A75: 55 | B75: MESO-ESTRUTURA - APARELHO DE APOIO FRETADO
A76: 45235 | B76: NEOPRENE | C76: Kg | D76: 394.07 | E76: 47.96 | F76: 18899.59
A78: Total do Grupo : | F78: 18899.59
A81: Cód. Auxiliar | B81: Serviço | C81: Unid. | D81: Quantidade | E81: Preço Unitário | F81: Total
A82: 57 | B82: SUPER-ESTRUTURA - LAJE + LONGARINA
A83: 45150 | B83: FORMA CHAPA COMPENSADA PLASTIFICADA 17 MM (INCLUSO DESFORMA) | C83: m2 | D83: 1116.14 | E83: 141.32 | F83: 157732.9
A84: 45155 | B84: AÇO CA50/60 AQUISIÇÃO, ARMAÇÃO E COLOCAÇÃO (INCLUSO PERDAS) - SUPERESTRUTURA | C84: Kg | D84: 61333.72 | E84: 16.85 | F84: 1033473.2
A85: 45131 | B85: CONCRETO FCK=30 MPA COM ADITIVO | C85: m3 | D85: 331.83 | E85: 685.57 | F85: 227492.69
A87: Total do Grupo : | F87: 1418698.8
A90: Cód. Auxiliar | B90: Serviço | C90: Unid. | D90: Quantidade | E90: Preço Unitário | F90: Total
A91: 57 | B91: SUPER-ESTRUTURA - TRANSVERSINA
A92: 45150 | B92: FORMA CHAPA COMPENSADA PLASTIFICADA 17 MM (INCLUSO DESFORMA) | C92: m2 | D92: 114.31 | E92: 141.32 | F92: 16154.28
A93: 45155 | B93: AÇO CA50/60 AQUISIÇÃO, ARMAÇÃO E COLOCAÇÃO (INCLUSO PERDAS) - SUPERESTRUTURA | C93: Kg | D93: 2058 | E93: 16.85 | F93: 34677.3
A94: 45131 | B94: CONCRETO FCK=30 MPA COM ADITIVO | C94: m3 | D94: 13.28 | E94: 685.57 | F94: 9104.36
A96: Total do Grupo : | F96: 59935.94
A99: Cód. Auxiliar | B99: Serviço | C99: Unid. | D99: Quantidade | E99: Preço Unitário | F99: Total
A100: 57 | B100: SUPER-ESTRUTURA - VIGAS DE FECHAMENTO
A101: 45150 | B101: FORMA CHAPA COMPENSADA PLASTIFICADA 17 MM (INCLUSO DESFORMA) | C101: m2 | D101: 77.45 | E101: 141.32 | F101: 10945.23
A102: 45155 | B102: AÇO CA50/60 AQUISIÇÃO, ARMAÇÃO E COLOCAÇÃO (INCLUSO PERDAS) - SUPERESTRUTURA | C102: Kg | D102: 3216 | E102: 16.85 | F102: 54189.6
A103: 45131 | B103: CONCRETO FCK=30 MPA COM ADITIVO | C103: m3 | D103: 13.33 | E103: 685.57 | F103: 9138.64
A105: Total do Grupo : | F105: 74273.47
A108: Cód. Auxiliar | B108: Serviço | C108: Unid. | D108: Quantidade | E108: Preço Unitário | F108: Total
A109: 57 | B109: SUPER-ESTRUTURA - ALAS
A110: 45150 | B110: FORMA CHAPA COMPENSADA PLASTIFICADA 17 MM (INCLUSO DESFORMA) | C110: m2 | D110: 49.05 | E110: 141.32 | F110: 6931.74
A111: 45155 | B111: AÇO CA50/60 AQUISIÇÃO, ARMAÇÃO E COLOCAÇÃO (INCLUSO PERDAS) - SUPERESTRUTURA | C111: Kg | D111: 1065 | E111: 16.85 | F111: 17945.25
A112: 45131 | B112: CONCRETO FCK=30 MPA COM ADITIVO | C112: m3 | D112: 4.57 | E112: 685.57 | F112: 3133.05
A114: Total do Grupo : | F114: 28010.04
A117: Cód. Auxiliar | B117: Serviço | C117: Unid. | D117: Quantidade | E117: Preço Unitário | F117: Total
A118: 57 | B118: SUPER-ESTRUTURA - LAJE DE APROXIMAÇÃO
A119: 45150 | B119: FORMA CHAPA COMPENSADA PLASTIFICADA 17 MM (INCLUSO DESFORMA) | C119: m2 | D119: 16.8 | E119: 141.32 | F119: 2374.17
A120: 45155 | B120: AÇO CA50/60 AQUISIÇÃO, ARMAÇÃO E COLOCAÇÃO (INCLUSO PERDAS) - SUPERESTRUTURA | C120: Kg | D120: 721 | E120: 16.85 | F120: 12148.85
A121: 45131 | B121: CONCRETO FCK=30 MPA COM ADITIVO | C121: m3 | D121: 24 | E121: 685.57 | F121: 16453.68
A123: Total do Grupo : | F123: 30976.7
A126: Cód. Auxiliar | B126: Serviço | C126: Unid. | D126: Quantidade | E126: Preço Unitário | F126: Total
A127: 57 | B127: SUPER-ESTRUTURA - GUARDA-RODAS
A128: 45150 | B128: FORMA CHAPA COMPENSADA PLASTIFICADA 17 MM (INCLUSO DESFORMA) | C128: m2 | D128: 212.4 | E128: 141.32 | F128: 30016.36
A129: 45155 | B129: AÇO CA50/60 AQUISIÇÃO, ARMAÇÃO E COLOCAÇÃO (INCLUSO PERDAS) - SUPERESTRUTURA | C129: Kg | D129: 1712.72 | E129: 16.85 | F129: 28859.33
A130: 45131 | B130: CONCRETO FCK=30 MPA COM ADITIVO | C130: m3 | D130: 27.6 | E130: 685.57 | F130: 18921.73
A132: Total do Grupo : | F132: 77797.42
A135: Cód. Auxiliar | B135: Serviço | C135: Unid. | D135: Quantidade | E135: Preço Unitário | F135: Total
A136: 57 | B136: SUPER-ESTRUTURA - ESCORAMENTO
A137: 45135 | B137: ESCORAMENTO PARA PONTE | C137: m3 | D137: 4479.51 | E137: 96.4 | F137: 431824.76
A139: Total do Grupo : | F139: 431824.76
A142: Cód. Auxiliar | B142: Serviço | C142: Unid. | D142: Quantidade | E142: Preço Unitário | F142: Total
A143: 57 | B143: SUPER-ESTRUTURA - TRANSPORTE
A144: 45205 | B144: TRANSPORTE COMERCIAL DE AGREGADOS - OAE | C144: tkm | D144: 69319.6 | E144: 0.95 | F144: 65853.62
A145: 40451 | B145: TRANSPORTE COMERCIAL DE MATERIAL BÁSICO | C145: tkm | D145: 229156.18 | E145: 0.8 | F145: 183324.94
A147: Total do Grupo : | F147: 249178.56
A150: Cód. Auxiliar | B150: Serviço | C150: Unid. | D150: Quantidade | E150: Preço Unitário | F150: Total
A151: 61 | B151: SERVIÇOS COMPLEMENTARES
...

Sheet ORC_PROPOSTA
A1: Setor | B1: : PL-GECOB - GERENCIA DE CUSTOS E ORÇAMENTOS DE OBRAS RODOVIARIAS
A2: Orçamento | B2: : 202300036003293-1/2023 | F2: Data Orçamento : 04/04/2023
A3: Descrição | B3: : ORÇAMENTO DA OBRA DE ARTE ESPECIAL SOBRE O RIO CRIXÁS MIRIM
A4: Versão | B4: : ORÇAMENTO REALIZADO NA TABELA DE TERRAPLENAGEM, PAVIMENTAÇÃO E OBRAS DE ARTE ESPECIAIS - MAR/23 - SEM DESONERAÇÃO - T199
A5: Nat. Serviço | B5: : Obra Rodoviária
A6: Subtrecho | B6: :
A7: Extensão | B7: : 60 m
A8: BDI | B8: : 20,48% | F8: Data Base : 01/03/2023
A10: Cód. Auxiliar | B10: Serviço | C10: Unid. | D10: Quantidade | E10: Preço Unitário | F10: Total
A11: 100002 | B11: TERRAPLENAGEM
A12: 40001 | B12: =VLOOKUP(A12,Serviços!A:D,2,FALSE) -> DESMATAMENTO, DESTOCAMENTO E LIMPEZA - ÁRVORES COM DIÂMETROS MENORES DE 15 CM | C12: =VLOOKUP(A12,Serviços!A:D,3,FALSE) -> m2 | D12: =Relatório!D20 -> 800 | E12: =VLOOKUP(A12,Serviços!A:F,6,FALSE) -> 0.27 | F12: =TRUNC(E12*D12,2) -> 216
A13: 40015 | B13: =VLOOKUP(A13,Serviços!A:D,2,FALSE) -> ESCAV., CARGA E TRANSPORTE DE MAT. 1ª CATEG. - C/ ESCAVADEIRA - (DT: 51 A 200M) | C13: =VLOOKUP(A13,Serviços!A:D,3,FALSE) -> m3 | D13: =Relatório!D21 -> 80.45 | E13: =VLOOKUP(A13,Serviços!A:F,6,FALSE) -> 8.12 | F13: =TRUNC(E13*D13,2) -> 653.25
A14: 45430 | B14: =VLOOKUP(A14,Serviços!A:D,2,FALSE) -> REATERRO APILOADO DE VALAS | C14: =VLOOKUP(A14,Serviços!A:D,3,FALSE) -> m3 | D14: =Relatório!D22 -> 25.25 | E14: =VLOOKUP(A14,Serviços!A:F,6,FALSE) -> 58.72 | F14: =TRUNC(E14*D14,2) -> 1482.68
E15: Total do Grupo : | F15: =SUBTOTAL(9,F12:F14) -> 2351.93
A17: Cód. Auxiliar | B17: Serviço | C17: Unid. | D17: Quantidade | E17: Preço Unitário | F17: Total
A18: 52 | B18: INFRA-ESTRUTURA - BLOCO
A19: 45040 | B19: =VLOOKUP(A19,Serviços!A:D,2,FALSE) -> FORMA CHAPA COMPENSADA PLASTIFICADA 17 MM (INCLUSO DESFORMA) | C19: =VLOOKUP(A19,Serviços!A:D,3,FALSE) -> m2 | D19: =Relatório!D29 -> 44.64 | E19: =VLOOKUP(A19,Serviços!A:F,6,FALSE) -> 141.32 | F19: =TRUNC(E19*D19,2) -> 6308.52
A20: 45045 | B20: =VLOOKUP(A20,Serviços!A:D,2,FALSE) -> AÇO CA50/60 AQUISIÇÃO, ARMAÇÃO E COLOCAÇÃO (INCLUSO PERDAS) - INFRAESTRUTURA | C20: =VLOOKUP(A20,Serviços!A:D,3,FALSE) -> Kg | D20: =Relatório!D30 -> 3781 | E20: =VLOOKUP(A20,Serviços!A:F,6,FALSE) -> 16.85 | F20: =TRUNC(E20*D20,2) -> 63709.85
A21: 45131 | B21: =VLOOKUP(A21,Serviços!A:D,2,FALSE) -> CONCRETO FCK=30 MPA COM ADITIVO | C21: =VLOOKUP(A21,Serviços!A:D,3,FALSE) -> m3 | D21: =Relatório!D31 -> 69.19 | E21: =VLOOKUP(A21,Serviços!A:F,6,FALSE) -> 685.57 | F21: =TRUNC(E21*D21,2) -> 47434.58
E22: Total do Grupo : | F22: =SUBTOTAL(9,F19:F21) -> 117452.95
A24: Cód. Auxiliar | B24: Serviço | C24: Unid. | D24: Quantidade | E24: Preço Unitário | F24: Total
A25: 52 | B25: INFRA-ESTRUTURA - ESTACA
A26: 2306070 DN | B26: =VLOOKUP(A26,Serviços!A:D,2,FALSE) -> ESTACA RAIZ PERFURADA NA ROCHA COM D = 31 CM - CONFECÇÃO | C26: =VLOOKUP(A26,Serviços!A:D,3,FALSE) -> m | D26: 216 | E26: =VLOOKUP(A26,Serviços!A:F,6,FALSE) -> 1413.64 | F26: =TRUNC(E26*D26,2) -> 305346.24
A27: 2306066 DN | B27: =VLOOKUP(A27,Serviços!A:D,2,FALSE) -> ESTACA RAIZ PERFURADA NO SOLO COM D = 40 CM - CONFECÇÃO | C27: =VLOOKUP(A27,Serviços!A:D,3,FALSE) -> m | D27: 901.8 | E27: =VLOOKUP(A27,Serviços!A:F,6,FALSE) -> 245.15 | F27: =TRUNC(E27*D27,2) -> 221076.27
A28: 2306248 DN | B28: =VLOOKUP(A28,Serviços!A:D,2,FALSE) -> ARRASAMENTO DE ESTACAS DE CONCRETO COM SEÇÃO SUPERIOR À 900 CM2 | C28: =VLOOKUP(A28,Serviços!A:D,3,FALSE) -> m3 | D28: 2.48 | E28: =VLOOKUP(A28,Serviços!A:F,6,FALSE) -> 541.83 | F28: =TRUNC(E28*D28,2) -> 1343.73
A29: 45045 | B29: =VLOOKUP(A29,Serviços!A:D,2,FALSE) -> AÇO CA50/60 AQUISIÇÃO, ARMAÇÃO E COLOCAÇÃO (INCLUSO PERDAS) - INFRAESTRUTURA | C29: =VLOOKUP(A29,Serviços!A:D,3,FALSE) -> Kg | D29: 10674 | E29: =VLOOKUP(A29,Serviços!A:F,6,FALSE) -> 16.85 | F29: =TRUNC(E29*D29,2) -> 179856.9
A30: 2306733 DN | B30: =VLOOKUP(A30,Serviços!A:D,2,FALSE) -> CAMISA METÁLICA COM ESPESSURA DE 6.3 MM D=400 MM - PARA PASSAGEM DE LÂMINA DÁGUA - POSICIONAMENTO | C30: =VLOOKUP(A30,Serviços!A:D,3,FALSE) -> m | D30: 126 | E30: =VLOOKUP(A30,Serviços!A:F,6,FALSE) -> 1072.91 | F30: =TRUNC(E30*D30,2) -> 135186.66
E31: Total do Grupo : | F31: =SUBTOTAL(9,F26:F30) -> 842809.8
A33: Cód. Auxiliar | B33: Serviço | C33: Unid. | D33: Quantidade | E33: Preço Unitário | F33: Total
A34: 52 | B34: INFRA-ESTRUTURA - TRAVESSA BLOCOS
A35: 45040 | B35: =VLOOKUP(A35,Serviços!A:D,2,FALSE) -> FORMA CHAPA COMPENSADA PLASTIFICADA 17 MM (INCLUSO DESFORMA) | C35: =VLOOKUP(A35,Serviços!A:D,3,FALSE) -> m2 | D35: 17.71 | E35: =VLOOKUP(A35,Serviços!A:F,6,FALSE) -> 141.32 | F35: =TRUNC(E35*D35,2) -> 2502.77
A36: 45045 | B36: =VLOOKUP(A36,Serviços!A:D,2,FALSE) -> AÇO CA50/60 AQUISIÇÃO, ARMAÇÃO E COLOCAÇÃO (INCLUSO PERDAS) - INFRAESTRUTURA | C36: =VLOOKUP(A36,Serviços!A:D,3,FALSE) -> Kg | D36: 259 | E36: =VLOOKUP(A36,Serviços!A:F,6,FALSE) -> 16.85 | F36: =TRUNC(E36*D36,2) -> 4364.15
A37: 45131 | B37: =VLOOKUP(A37,Serviços!A:D,2,FALSE) -> CONCRETO FCK=30 MPA COM ADITIVO | C37: =VLOOKUP(A37,Serviços!A:D,3,FALSE) -> m3 | D37: 2.95 | E37: =VLOOKUP(A37,Serviços!A:F,6,FALSE) -> 685.57 | F37: =TRUNC(E37*D37,2) -> 2022.43
E38: Total do Grupo : | F38: =SUBTOTAL(9,F35:F37) -> 8889.35
A40: Cód. Auxiliar | B40: Serviço | C40: Unid. | D40: Quantidade | E40: Preço Unitário | F40: Total
A41: 55 | B41: MESO-ESTRUTURA - PILARES
A42: 45115 | B42: =VLOOKUP(A42,Serviços!A:D,2,FALSE) -> FORMA CHAPA COMPENSADA PLASTIFICADA 17 MM (INCLUSO DESFORMA) | C42: =VLOOKUP(A42,Serviços!A:D,3,FALSE) -> m2 | D42: 85.95 | E42: =VLOOKUP(A42,Serviços!A:F,6,FALSE) -> 141.32 | F42: =TRUNC(E42*D42,2) -> 12146.45
A43: 45120 | B43: =VLOOKUP(A43,Serviços!A:D,2,FALSE) -> AÇO CA50/60 AQUISIÇÃO, ARMAÇÃO E COLOCAÇÃO (INCLUSO PERDAS) - MESOESTRUTURA | C43: =VLOOKUP(A43,Serviços!A:D,3,FALSE) -> Kg | D43: 2410 | E43: =VLOOKUP(A43,Serviços!A:F,6,FALSE) -> 16.85 | F43: =TRUNC(E43*D43,2) -> 40608.5
A44: 45131 | B44: =VLOOKUP(A44,Serviços!A:D,2,FALSE) -> CONCRETO FCK=30 MPA COM ADITIVO | C44: =VLOOKUP(A44,Serviços!A:D,3,FALSE) -> m3 | D44: 25.79 | E44: =VLOOKUP(A44,Serviços!A:F,6,FALSE) -> 685.57 | F44: =TRUNC(E44*D44,2) -> 17680.85
E45: Total do Grupo : | F45: =SUBTOTAL(9,F42:F44) -> 70435.8
A47: Cód. Auxiliar | B47: Serviço | C47: Unid. | D47: Quantidade | E47: Preço Unitário | F47: Total
A48: 55 | B48: MESO-ESTRUTURA - VIGA DE TRAVAMENTO
A49: 45040 | B49: =VLOOKUP(A49,Serviços!A:D,2,FALSE) -> FORMA CHAPA COMPENSADA PLASTIFICADA 17 MM (INCLUSO DESFORMA) | C49: =VLOOKUP(A49,Serviços!A:D,3,FALSE) -> m2 | D49: 45.96 | E49: =VLOOKUP(A49,Serviços!A:F,6,FALSE) -> 141.32 | F49: =TRUNC(E49*D49,2) -> 6495.06
A50: 45045 | B50: =VLOOKUP(A50,Serviços!A:D,2,FALSE) -> AÇO CA50/60 AQUISIÇÃO, ARMAÇÃO E COLOCAÇÃO (INCLUSO PERDAS) - INFRAESTRUTURA | C50: =VLOOKUP(A50,Serviços!A:D,3,FALSE) -> Kg | D50: 481 | E50: =VLOOKUP(A50,Serviços!A:F,6,FALSE) -> 16.85 | F50: =TRUNC(E50*D50,2) -> 8104.85
A51: 45131 | B51: =VLOOKUP(A51,Serviços!A:D,2,FALSE) -> CONCRETO FCK=30 MPA COM ADITIVO | C51: =VLOOKUP(A51,Serviços!A:D,3,FALSE) -> m3 | D51: 5.52 | E51: =VLOOKUP(A51,Serviços!A:F,6,FALSE) -> 685.57 | F51: =TRUNC(E51*D51,2) -> 3784.34
E52: Total do Grupo : | F52: =SUBTOTAL(9,F49:F51) -> 18384.25
A54: Cód. Auxiliar | B54: Serviço | C54: Unid. | D54: Quantidade | E54: Preço Unitário | F54: Total
A55: 55 | B55: MESO-ESTRUTURA - APARELHO DE APOIO FRETADO
A56: 45235 | B56: =VLOOKUP(A56,Serviços!A:D,2,FALSE) -> NEOPRENE | C56: =VLOOKUP(A56,Serviços!A:D,3,FALSE) -> Kg | D56: 394.07 | E56: =VLOOKUP(A56,Serviços!A:F,6,FALSE) -> 47.96 | F56: =TRUNC(E56*D56,2) -> 18899.59
E57: Total do Grupo : | F57: =SUBTOTAL(9,F56:F56) -> 18899.59
A59: Cód. Auxiliar | B59: Serviço | C59: Unid. | D59: Quantidade | E59: Preço Unitário | F59: Total
A60: 57 | B60: SUPER-ESTRUTURA - LAJE + LONGARINA
A61: 45150 | B61: =VLOOKUP(A61,Serviços!A:D,2,FALSE) -> FORMA CHAPA COMPENSADA PLASTIFICADA 17 MM (INCLUSO DESFORMA) | C61: =VLOOKUP(A61,Serviços!A:D,3,FALSE) -> m2 | D61: 1116.14 | E61: =VLOOKUP(A61,Serviços!A:F,6,FALSE) -> 141.32 | F61: =TRUNC(E61*D61,2) -> 157732.9
A62: 45155 | B62: =VLOOKUP(A62,Serviços!A:D,2,FALSE) -> AÇO CA50/60 AQUISIÇÃO, ARMAÇÃO E COLOCAÇÃO (INCLUSO PERDAS) - SUPERESTRUTURA | C62: =VLOOKUP(A62,Serviços!A:D,3,FALSE) -> Kg | D62: 61333.72 | E62: =VLOOKUP(A62,Serviços!A:F,6,FALSE) -> 16.85 | F62: =TRUNC(E62*D62,2) -> 1033473.2
A63: 45131 | B63: =VLOOKUP(A63,Serviços!A:D,2,FALSE) -> CONCRETO FCK=30 MPA COM ADITIVO | C63: =VLOOKUP(A63,Serviços!A:D,3,FALSE) -> m3 | D63: 331.83 | E63: =VLOOKUP(A63,Serviços!A:F,6,FALSE) -> 685.57 | F63: =TRUNC(E63*D63,2) -> 227492.69
E64: Total do Grupo : | F64: =SUBTOTAL(9,F61:F63) -> 1418698.8
A66: Cód. Auxiliar | B66: Serviço | C66: Unid. | D66: Quantidade | E66: Preço Unitário | F66: Total
A67: 57 | B67: SUPER-ESTRUTURA - TRANSVERSINA
A68: 45150 | B68: =VLOOKUP(A68,Serviços!A:D,2,FALSE) -> FORMA CHAPA COMPENSADA PLASTIFICADA 17 MM (INCLUSO DESFORMA) | C68: =VLOOKUP(A68,Serviços!A:D,3,FALSE) -> m2 | D68: 114.31 | E68: =VLOOKUP(A68,Serviços!A:F,6,FALSE) -> 141.32 | F68: =TRUNC(E68*D68,2) -> 16154.28
A69: 45155 | B69: =VLOOKUP(A69,Serviços!A:D,2,FALSE) -> AÇO CA50/60 AQUISIÇÃO, ARMAÇÃO E COLOCAÇÃO (INCLUSO PERDAS) - SUPERESTRUTURA | C69: =VLOOKUP(A69,Serviços!A:D,3,FALSE) -> Kg | D69: 2058 | E69: =VLOOKUP(A69,Serviços!A:F,6,FALSE) -> 16.85 | F69: =TRUNC(E69*D69,2) -> 34677.3
A70: 45131 | B70: =VLOOKUP(A70,Serviços!A:D,2,FALSE) -> CONCRETO FCK=30 MPA COM ADITIVO | C70: =VLOOKUP(A70,Serviços!A:D,3,FALSE) -> m3 | D70: 13.28 | E70: =VLOOKUP(A70,Serviços!A:F,6,FALSE) -> 685.57 | F70: =TRUNC(E70*D70,2) -> 9104.36
E71: Total do Grupo : | F71: =SUBTOTAL(9,F68:F70) -> 59935.94
A74: Cód. Auxiliar | B74: Serviço | C74: Unid. | D74: Quantidade | E74: Preço Unitário | F74: Total
A75: 57 | B75: SUPER-ESTRUTURA - VIGAS DE FECHAMENTO
A76: 45150 | B76: =VLOOKUP(A76,Serviços!A:D,2,FALSE) -> FORMA CHAPA COMPENSADA PLASTIFICADA 17 MM (INCLUSO DESFORMA) | C76: =VLOOKUP(A76,Serviços!A:D,3,FALSE) -> m2 | D76: 77.45 | E76: =VLOOKUP(A76,Serviços!A:F,6,FALSE) -> 141.32 | F76: =TRUNC(E76*D76,2) -> 10945.23
A77: 45155 | B77: =VLOOKUP(A77,Serviços!A:D,2,FALSE) -> AÇO CA50/60 AQUISIÇÃO, ARMAÇÃO E COLOCAÇÃO (INCLUSO PERDAS) - SUPERESTRUTURA | C77: =VLOOKUP(A77,Serviços!A:D,3,FALSE) -> Kg | D77: 3216 | E77: =VLOOKUP(A77,Serviços!A:F,6,FALSE) -> 16.85 | F77: =TRUNC(E77*D77,2) -> 54189.6
A78: 45131 | B78: =VLOOKUP(A78,Serviços!A:D,2,FALSE) -> CONCRETO FCK=30 MPA COM ADITIVO | C78: =VLOOKUP(A78,Serviços!A:D,3,FALSE) -> m3 | D78: 13.33 | E78: =VLOOKUP(A78,Serviços!A:F,6,FALSE) -> 685.57 | F78: =TRUNC(E78*D78,2) -> 9138.64
E79: Total do Grupo : | F79: =SUBTOTAL(9,F76:F78) -> 74273.47
A82: Cód. Auxiliar | B82: Serviço | C82: Unid. | D82: Quantidade | E82: Preço Unitário | F82: Total
A83: 57 | B83: SUPER-ESTRUTURA - ALAS
A84: 45150 | B84: =VLOOKUP(A84,Serviços!A:D,2,FALSE) -> FORMA CHAPA COMPENSADA PLASTIFICADA 17 MM (INCLUSO DESFORMA) | C84: =VLOOKUP(A84,Serviços!A:D,3,FALSE) -> m2 | D84: 49.05 | E84: =VLOOKUP(A84,Serviços!A:F,6,FALSE) -> 141.32 | F84: =TRUNC(E84*D84,2) -> 6931.74
A85: 45155 | B85: =VLOOKUP(A85,Serviços!A:D,2,FALSE) -> AÇO CA50/60 AQUISIÇÃO, ARMAÇÃO E COLOCAÇÃO (INCLUSO PERDAS) - SUPERESTRUTURA | C85: =VLOOKUP(A85,Serviços!A:D,3,FALSE) -> Kg | D85: 1065 | E85: =VLOOKUP(A85,Serviços!A:F,6,FALSE) -> 16.85 | F85: =TRUNC(E85*D85,2) -> 17945.25
A86: 45131 | B86: =VLOOKUP(A86,Serviços!A:D,2,FALSE) -> CONCRETO FCK=30 MPA COM ADITIVO | C86: =VLOOKUP(A86,Serviços!A:D,3,FALSE) -> m3 | D86: 4.57 | E86: =VLOOKUP(A86,Serviços!A:F,6,FALSE) -> 685.57 | F86: =TRUNC(E86*D86,2) -> 3133.05
E87: Total do Grupo : | F87: =SUBTOTAL(9,F84:F86) -> 28010.04
A89: Cód. Auxiliar | B89: Serviço | C89: Unid. | D89: Quantidade | E89: Preço Unitário | F89: Total
A90: 57 | B90: SUPER-ESTRUTURA - LAJE DE APROXIMAÇÃO
A91: 45150 | B91: =VLOOKUP(A91,Serviços!A:D,2,FALSE) -> FORMA CHAPA COMPENSADA PLASTIFICADA 17 MM (INCLUSO DESFORMA) | C91: =VLOOKUP(A91,Serviços!A:D,3,FALSE) -> m2 | D91: 16.8 | E91: =VLOOKUP(A91,Serviços!A:F,6,FALSE) -> 141.32 | F91: =TRUNC(E91*D91,2) -> 2374.17
A92: 45155 | B92: =VLOOKUP(A92,Serviços!A:D,2,FALSE) -> AÇO CA50/60 AQUISIÇÃO, ARMAÇÃO E COLOCAÇÃO (INCLUSO PERDAS) - SUPERESTRUTURA | C92: =VLOOKUP(A92,Serviços!A:D,3,FALSE) -> Kg | D92: 721 | E92: =VLOOKUP(A92,Serviços!A:F,6,FALSE) -> 16.85 | F92: =TRUNC(E92*D92,2) -> 12148.85
A93: 45131 | B93: =VLOOKUP(A93,Serviços!A:D,2,FALSE) -> CONCRETO FCK=30 MPA COM ADITIVO | C93: =VLOOKUP(A93,Serviços!A:D,3,FALSE) -> m3 | D93: 24 | E93: =VLOOKUP(A93,Serviços!A:F,6,FALSE) -> 685.57 | F93: =TRUNC(E93*D93,2) -> 16453.68
E94: Total do Grupo : | F94: =SUBTOTAL(9,F91:F93) -> 30976.7
A96: Cód. Auxiliar | B96: Serviço | C96: Unid. | D96: Quantidade | E96: Preço Unitário | F96: Total
A97: 57 | B97: SUPER-ESTRUTURA - GUARDA-RODAS
A98: 45150 | B98: =VLOOKUP(A98,Serviços!A:D,2,FALSE) -> FORMA CHAPA COMPENSADA PLASTIFICADA 17 MM (INCLUSO DESFORMA) | C98: =VLOOKUP(A98,Serviços!A:D,3,FALSE) -> m2 | D98: 212.4 | E98: =VLOOKUP(A98,Serviços!A:F,6,FALSE) -> 141.32 | F98: =TRUNC(E98*D98,2) -> 30016.36
A99: 45155 | B99: =VLOOKUP(A99,Serviços!A:D,2,FALSE) -> AÇO CA50/60 AQUISIÇÃO, ARMAÇÃO E COLOCAÇÃO (INCLUSO PERDAS) - SUPERESTRUTURA | C99: =VLOOKUP(A99,Serviços!A:D,3,FALSE) -> Kg | D99: 1712.72 | E99: =VLOOKUP(A99,Serviços!A:F,6,FALSE) -> 16.85 | F99: =TRUNC(E99*D99,2) -> 28859.33
A100: 45131 | B100: =VLOOKUP(A100,Serviços!A:D,2,FALSE) -> CONCRETO FCK=30 MPA COM ADITIVO | C100: =VLOOKUP(A100,Serviços!A:D,3,FALSE) -> m3 | D100: 27.6 | E100: =VLOOKUP(A100,Serviços!A:F,6,FALSE) -> 685.57 | F100: =TRUNC(E100*D100,2) -> 18921.73
E101: Total do Grupo : | F101: =SUBTOTAL(9,F98:F100) -> 77797.42
A103: Cód. Auxiliar | B103: Serviço | C103: Unid. | D103: Quantidade | E103: Preço Unitário | F103: Total
A104: 57 | B104: SUPER-ESTRUTURA - ESCORAMENTO
A105: 45135 | B105: =VLOOKUP(A105,Serviços!A:D,2,FALSE) -> ESCORAMENTO PARA PONTE | C105: =VLOOKUP(A105,Serviços!A:D,3,FALSE) -> m3 | D105: 4479.51 | E105: =VLOOKUP(A105,Serviços!A:F,6,FALSE) -> 96.4 | F105: =TRUNC(E105*D105,2) -> 431824.76
E106: Total do Grupo : | F106: =SUBTOTAL(9,F105:F105) -> 431824.76
A108: Cód. Auxiliar | B108: Serviço | C108: Unid. | D108: Quantidade | E108: Preço Unitário | F108: Total
A109: 57 | B109: SUPER-ESTRUTURA - TRANSPORTE
A110: 45205 | B110: =VLOOKUP(A110,Serviços!A:D,2,FALSE) -> TRANSPORTE COMERCIAL DE AGREGADOS - OAE | C110: =VLOOKUP(A110,Serviços!A:D,3,FALSE) -> tkm | D110: 69319.6 | E110: =VLOOKUP(A110,Serviços!A:F,6,FALSE) -> 0.95 | F110: =TRUNC(E110*D110,2) -> 65853.62
A111: 40451 | B111: =VLOOKUP(A111,Serviços!A:D,2,FALSE) -> TRANSPORTE COMERCIAL DE MATERIAL BÁSICO | C111: =VLOOKUP(A111,Serviços!A:D,3,FALSE) -> tkm | D111: 229156.18 | E111: =VLOOKUP(A111,Serviços!A:F,6,FALSE) -> 0.8 | F111: =TRUNC(E111*D111,2) -> 183324.94
E112: Total do Grupo Reajustado : | F112: =SUBTOTAL(9,F110:F111) -> 249178.56
A114: Cód. Auxiliar | B114: Serviço | C114: Unid. | D114: Quantidade | E114: Preço Unitário | F114: Total
A115: 61 | B115: SERVIÇOS COMPLEMENTARES
A116: 45230 | B116: =VLOOKUP(A116,Serviços!A:D,2,FALSE) -> DRENOS 100 MM | C116: =VLOOKUP(A116,Serviços!A:D,3,FALSE) -> un | D116: 30 | E116: =VLOOKUP(A116,Serviços!A:F,6,FALSE) -> 8.61 | F116: =TRUNC(E116*D116,2) -> 258.3
A117: 45245 | B117: =VLOOKUP(A117,Serviços!A:D,2,FALSE) -> LIMPEZA GERAL | C117: =VLOOKUP(A117,Serviços!A:D,3,FALSE) -> m2 | D117: 1632 | E117: =VLOOKUP(A117,Serviços!A:F,6,FALSE) -> 3.57 | F117: =TRUNC(E117*D117,2) -> 5826.24
A118: 42800 | B118: =VLOOKUP(A118,Serviços!A:D,2,FALSE) -> GABIÕES (1,00 M) | C118: =VLOOKUP(A118,Serviços!A:D,3,FALSE) -> m3 | D118: 420 | E118: =VLOOKUP(A118,Serviços!A:F,6,FALSE) -> 871.75 | F118: =TRUNC(E118*D118,2) -> 366135
...

Sheet CRONOGRAMA FÍSICO FINANCEIRO
E1: CRONOGRAMA FÍSICO FINANCEIRO PONTE CRIXÁS MIRIM
A5: Discriminação | E5: Preço | F5: Mês
F6: MÊS 1 | H6: MÊS 2 | J6: MÊS 3 | L6: MÊS 4 | N6: 5 | P6: 6 | R6: 7 | T6: 8 | V6: 9 | X6: 10
F7: % | G7: R$ | H7: % | I7: R$ | J7: % | K7: R$ | L7: % | M7: R$ | N7: % | O7: R$ | P7: % | Q7: R$ | R7: % | S7: R$ | T7: % | U7: R$ | V7: % | W7: R$ | X7: % | Y7: R$
A9: ESCAVAÇÕES / ATERRO/REATERRO | E9: =ORC_PROPOSTA!F15 -> 2351.93 | F9: 0.9 | G9: =F9*E9 -> 2116.737 | I9: =H9*E9 -> 0 | K9: =J9*E9 -> 0 | M9: =L9*E9 -> 0 | O9: =N9*E9 -> 0 | Q9: =P9*E9 -> 0 | S9: =R9*E9 -> 0 | U9: =T9*E9 -> 0 | W9: =V9*E9 -> 0 | X9: 0.1 | Y9: =X9*E9 -> 235.193 | Z9: =SUM(G9,I9,K9,M9,O9,Q9,S9,U9,W9,Y9) -> 2351.93 | AA9: =Z9-E9 -> 0
A10: INFRA-ESTRUTURA | E10: =ORC_PROPOSTA!F22+ORC_PROPOSTA!F31+ORC_PROPOSTA!F38 -> 969152.1 | F10: 0.35 | G10: =F10*E10 -> 339203.23 | H10: 0.5 | I10: =H10*E10 -> 484576.05 | J10: 0.15 | K10: =J10*E10 -> 145372.82 | M10: =L10*E10 -> 0 | O10: =N10*E10 -> 0 | Q10: =P10*E10 -> 0 | S10: =R10*E10 -> 0 | U10: =T10*E10 -> 0 | W10: =V10*E10 -> 0 | Y10: =X10*E10 -> 0 | Z10: =SUM(G10,I10,K10,M10,O10,Q10,S10,U10,W10,Y10) -> 969152.1 | AA10: =Z10-E10 -> 0
A11: MESO-ESTRUTURA | E11: =ORC_PROPOSTA!F45+ORC_PROPOSTA!F52+ORC_PROPOSTA!F57 -> 107719.64 | G11: =F11*E11 -> 0 | I11: =H11*E11 -> 0 | K11: =J11*E11 -> 0 | L11: 0.1 | M11: =L11*E11 -> 10771.964 | N11: 0.45 | O11: =N11*E11 -> 48473.838 | P11: 0.45 | Q11: =P11*E11 -> 48473.838 | S11: =R11*E11 -> 0 | U11: =T11*E11 -> 0 | W11: =V11*E11 -> 0 | Y11: =X11*E11 -> 0 | Z11: =SUM(G11,I11,K11,M11,O11,Q11,S11,U11,W11,Y11) -> 107719.64 | AA11: =Z11-E11 -> 0
A12: SUPER-ESTRUTURA | E12: =ORC_PROPOSTA!F64+ORC_PROPOSTA!F71+ORC_PROPOSTA!F79+ORC_PROPOSTA!F87+ORC_PROPOSTA!F94+ORC_PROPOSTA!F101+ORC_PROPOSTA!F106 -> 2121517.1 | G12: =F12*E12 -> 0 | I12: =H12*E12 -> 0 | K12: =J12*E12 -> 0 | M12: =L12*E12 -> 0 | O12: =N12*E12 -> 0 | Q12: =P12*E12 -> 0 | R12: 0.25 | S12: =R12*E12 -> 530379.27 | T12: 0.25 | U12: =T12*E12 -> 530379.27 | V12: 0.25 | W12: =V12*E12 -> 530379.27 | X12: 0.25 | Y12: =X12*E12 -> 530379.27 | Z12: =SUM(G12,I12,K12,M12,O12,Q12,S12,U12,W12,Y12) -> 2121517.1 | AA12: =Z12-E12 -> 0
A13: TRANSPORTE | E13: 249178.56 | F13: 0.1 | G13: =F13*E13 -> 24917.856 | H13: 0.1 | I13: =H13*E13 -> 24917.856 | J13: 0.1 | K13: =J13*E13 -> 24917.856 | L13: 0.1 | M13: =L13*E13 -> 24917.856 | N13: 0.1 | O13: =N13*E13 -> 24917.856 | P13: 0.1 | Q13: =P13*E13 -> 24917.856 | R13: 0.1 | S13: =R13*E13 -> 24917.856 | T13: 0.1 | U13: =T13*E13 -> 24917.856 | V13: 0.1 | W13: =V13*E13 -> 24917.856 | X13: 0.1 | Y13: =X13*E13 -> 24917.856 | Z13: =SUM(G13,I13,K13,M13,O13,Q13,S13,U13,W13,Y13) -> 249178.56 | AA13: =Z13-E13 -> 0
A14: SERVIÇOS COMPLEMENTARES | E14: =ORC_PROPOSTA!F116+ORC_PROPOSTA!F117 -> 6084.54 | G14: =F14*E14 -> 0 | I14: =H14*E14 -> 0 | K14: =J14*E14 -> 0 | M14: =L14*E14 -> 0 | O14: =N14*E14 -> 0 | Q14: =P14*E14 -> 0 | S14: =R14*E14 -> 0 | U14: =T14*E14 -> 0 | W14: =V14*E14 -> 0 | X14: 1 | Y14: =X14*E14 -> 6084.54 | Z14: =SUM(G14,I14,K14,M14,O14,Q14,S14,U14,W14,Y14) -> 6084.54 | AA14: =Z14-E14 -> 0
A15: GABIÃO | E15: =ORC_PROPOSTA!F118 -> 366135 | G15: =F15*E15 -> 0 | I15: =H15*E15 -> 0 | K15: =J15*E15 -> 0 | M15: =L15*E15 -> 0 | O15: =N15*E15 -> 0 | Q15: =P15*E15 -> 0 | S15: =R15*E15 -> 0 | T15: 0.5 | U15: =T15*E15 -> 183067.5 | V15: 0.25 | W15: =V15*E15 -> 91533.75 | X15: 0.25 | Y15: =X15*E15 -> 91533.75 | Z15: =SUM(G15,I15,K15,M15,O15,Q15,S15,U15,W15,Y15) -> 366135 | AA15: =Z15-E15 -> 0
A16: ADMINISTRAÇÃO LOCAL | E16: =ORC_PROPOSTA!F124 -> 228260.28 | F16: 0.1 | G16: =F16*E16 -> 22826.028 | H16: 0.1 | I16: =H16*E16 -> 22826.028 | J16: 0.1 | K16: =J16*E16 -> 22826.028 | L16: 0.1 | M16: =L16*E16 -> 22826.028 | N16: 0.1 | O16: =N16*E16 -> 22826.028 | P16: 0.1 | Q16: =P16*E16 -> 22826.028 | R16: 0.1 | S16: =R16*E16 -> 22826.028 | T16: 0.1 | U16: =T16*E16 -> 22826.028 | V16: 0.1 | W16: =V16*E16 -> 22826.028 | X16: 0.1 | Y16: =X16*E16 -> 22826.028 | Z16: =SUM(G16,I16,K16,M16,O16,Q16,S16,U16,W16,Y16) -> 228260.28 | AA16: =Z16-E16 -> 0
A17: CANTEIRO DE OBRAS | E17: =ORC_PROPOSTA!F129 -> 209374.64 | F17: 0.2 | G17: =F17*E17 -> 41874.928 | H17: 0.1 | I17: =H17*E17 -> 20937.464 | J17: 0.1 | K17: =J17*E17 -> 20937.464 | L17: 0.1 | M17: =L17*E17 -> 20937.464 | O17: =N17*E17 -> 0 | P17: 0.1 | Q17: =P17*E17 -> 20937.464 | R17: 0.1 | S17: =R17*E17 -> 20937.464 | T17: 0.1 | U17: =T17*E17 -> 20937.464 | V17: 0.1 | W17: =V17*E17 -> 20937.464 | X17: 0.1 | Y17: =X17*E17 -> 20937.464 | Z17: =SUM(G17,I17,K17,M17,O17,Q17,S17,U17,W17,Y17) -> 209374.64 | AA17: =Z17-E17 -> 0
A18: MOBILIZAÇÃO / DESMOB | E18: =ORC_PROPOSTA!F134 -> 34548.56 | F18: 0.5 | G18: =F18*E18 -> 17274.28 | I18: =H18*E18 -> 0 | K18: =J18*E18 -> 0 | M18: =L18*E18 -> 0 | O18: =N18*E18 -> 0 | Q18: =P18*E18 -> 0 | S18: =R18*E18 -> 0 | U18: =T18*E18 -> 0 | W18: =V18*E18 -> 0 | X18: 0.5 | Y18: =X18*E18 -> 17274.28 | Z18: =SUM(G18,I18,K18,M18,O18,Q18,S18,U18,W18,Y18) -> 34548.56 | AA18: =Z18-E18 -> 0
A20: Total geral (Simples) - R$ | E20: =SUM(E9:E18) -> 4294322.3 | F20: =G20/$E20 -> 0.10437341 | G20: =SUM(G9:G18) -> 448213.06 | H20: =I20/$E20 -> 0.12883462 | I20: =SUM(I9:I18) -> 553257.4 | J20: =K20/$E20 -> 0.049845854 | K20: =SUM(K9:K18) -> 214054.16 | L20: =M20/$E20 -> 0.018501944 | M20: =SUM(M9:M18) -> 79453.312 | N20: =O20/$E20 -> 0.022405799 | O20: =SUM(O9:O18) -> 96217.722 | P20: =Q20/$E20 -> 0.027281414 | Q20: =SUM(Q9:Q18) -> 117155.19 | R20: =S20/$E20 -> 0.13950062 | S20: =SUM(S9:S18) -> 599060.62 | T20: =U20/$E20 -> 0.18213074 | U20: =SUM(U9:U18) -> 782128.12 | V20: =W20/$E20 -> 0.16081568 | W20: =SUM(W9:W18) -> 690594.37 | X20: =Y20/$E20 -> 0.16630992 | Y20: =SUM(Y9:Y18) -> 714188.39
A21: Total geral (Acumulado) | E21: =E20 -> 4294322.3 | F21: =F20 -> 0.10437341 | G21: =G20 -> 448213.06 | H21: =F21+H20 -> 0.23320803 | I21: =G21+I20 -> 1001470.5 | J21: =H21+J20 -> 0.28305389 | K21: =I21+K20 -> 1215524.6 | L21: =J21+L20 -> 0.30155583 | M21: =K21+M20 -> 1294977.9 | N21: =L21+N20 -> 0.32396163 | O21: =M21+O20 -> 1391195.7 | ... Y21: =W21+Y20 -> 4294322.4 | Z21: 4294322.3
Z23: =Z21-E20 -> 0
Z24: =Z21-Y21 -> 0

Sheet BDI
A1: BDI | B1: Administração Central (AC) | C1: Lucro (L) | D1: Despesas Financeiras (DF) | E1: Seguro + Garantias (S) | F1: Riscos (R) | G1: ISS | H1: PIS | I1: COFINS | J1: CPRB | K1: Resultado
G2: (I)
A4: BDI | B4: 0.0367 | C4: 0.073 | D4: 0.01 | E4: 0.0011 | F4: 0.0056 | G4: 0.025 | H4: 0.0065 | I4: 0.03 | J4: 0 | K4: =TRUNC((1+B4+E4+F4)*(1+D4)*(1+C4)/(1-G4-H4-I4-J4)-1,4) -> 0.2048

Sheet ES
A1: DESCRIÇÃO | B1: PERCENTUAL
A4: Grupo A - Encargos Sociáis Básicos | B4: =SUM(B5:B13) -> 0.378
A5: INSS | B5: 0.2
A6: FGTS | B6: 0.08
A7: SESI | B7: 0.015
A8: SENAI | B8: 0.01
A9: INCRA | B9: 0.002
A10: Salário Educação | B10: 0.025
A11: Seguro contr acidente de trabalho INSS | B11: 0.03
A12: SEBRAE | B12: 0.006
A13: SECONCI | B13: 0.01
A15: Grupo B - Encargos Trabalhistas | B15: =SUM(B16:B23)+0.01/100 -> 0.4517
A16: Repouso semanal remunerado | B16: 0.1755
A17: Feriados | B17: 0.0403
A18: Férias e 1/3 de férias | B18: 0.122
A19: Auxíçio Efermidade | B19: 0.0093
A20: Auxílio Acidente | B20: 0.0049
A21: 13° Salario% | B21: 0.0915
A22: Licença Paternidade | B22: 0.0008
A23: Faltas Justificadas | B23: 0.0073
A25: Grupo C - Encargos Idenizatórios | B25: =SUM(B26:B30)+0.0001 -> 0.1093
A26: Aviso Prévio Indenizado | B26: 0.059
A27: Aviso Prévio Trabalhado | B27: 0.0016
A28: Férias Indenizadas | B28: 0.0065
A29: Multa por Recisão do Contrato de Trabalho sem Justa Causa | B29: 0.0352
A30: Indenização Adicional | B30: 0.0069
A32: Grupo D - Incidência Cumulaticas | B32: =SUM(B33:B34)+0.0001 -> 0.1761426
A33: Incidência do Gurpo A sobre B | B33: =B4*B15 -> 0.1707426
A34: Inicidência de FGTS sobre aviso prévio + Incidência de multa do FGTS sobre aviso prévio | B34: 0.0053
A36: Percentual Total de Encargos Sociais | B36: =SUM(B32,B25,B15,B4)-0.0001 -> 1.1150426

Sheet Serviços
A1: Cód. Auxiliar | B1: Serviço | C1: Unid. | D1: Preço Unitário REFERENCIA | E1: Preço Unitário COMPOSIÇÃO | F1: Preço Unitário CONSIDERADO
A3: 0 | B3: 0 | C3: 0 | D3: 0
A4: 40001 | B4: DESMATAMENTO, DESTOCAMENTO E LIMPEZA - ÁRVORES COM DIÂMETROS MENORES DE 15 CM | C4: m2 | D4: 0.25 | E4: =VLOOKUP(A4,Composições!C:J,8,FALSE) -> 0.27 | F4: =E4 -> 0.27
A5: 40015 | B5: ESCAV., CARGA E TRANSPORTE DE MAT. 1ª CATEG. - C/ ESCAVADEIRA - (DT: 51 A 200M) | C5: m3 | E5: =VLOOKUP(A5,Composições!C:J,8,FALSE) -> 8.12 | F5: =E5 -> 8.12
A6: 40451 | B6: TRANSPORTE COMERCIAL DE MATERIAL BÁSICO | C6: tkm | E6: =VLOOKUP(A6,Composições!C:J,8,FALSE) -> 0.8 | F6: =E6 -> 0.8
A7: 42800 | B7: GABIÕES (1,00 M) | C7: m3 | E7: =VLOOKUP(A7,Composições!C:J,8,FALSE) -> 871.75 | F7: =E7 -> 871.75
A8: 45040 | B8: FORMA CHAPA COMPENSADA PLASTIFICADA 17 MM (INCLUSO DESFORMA) | C8: m2 | D8: 110.97 | E8: =VLOOKUP(A8,Composições!C:J,8,FALSE) -> 141.32 | F8: =E8 -> 141.32
A9: 45045 | B9: AÇO CA50/60 AQUISIÇÃO, ARMAÇÃO E COLOCAÇÃO (INCLUSO PERDAS) - INFRAESTRUTURA | C9: Kg | D9: 15.03 | E9: =VLOOKUP(A9,Composições!C:J,8,FALSE) -> 16.85 | F9: =E9 -> 16.85
A10: 45115 | B10: FORMA CHAPA COMPENSADA PLASTIFICADA 17 MM (INCLUSO DESFORMA) | C10: m2 | E10: =VLOOKUP(A10,Composições!C:J,8,FALSE) -> 141.32 | F10: =E10 -> 141.32
A11: 45135 | B11: ESCORAMENTO PARA PONTE | C11: m3 | E11: =VLOOKUP(A11,Composições!C:J,8,FALSE) -> 96.4 | F11: =E11 -> 96.4
A12: 45150 | B12: FORMA CHAPA COMPENSADA PLASTIFICADA 17 MM (INCLUSO DESFORMA) | C12: m2 | E12: =VLOOKUP(A12,Composições!C:J,8,FALSE) -> 141.32 | F12: =E12 -> 141.32
A13: 45205 | B13: TRANSPORTE COMERCIAL DE AGREGADOS - OAE | C13: tkm | E13: =VLOOKUP(A13,Composições!C:J,8,FALSE) -> 0.95 | F13: =E13 -> 0.95
A14: 45230 | B14: DRENOS 100 MM | C14: un | D14: 8.14 | E14: =VLOOKUP(A14,Composições!C:J,8,FALSE) -> 8.61 | F14: =E14 -> 8.61
A15: 45235 | B15: NEOPRENE | C15: Kg | E15: =VLOOKUP(A15,Composições!C:J,8,FALSE) -> 47.96 | F15: =E15 -> 47.96
A16: 45245 | B16: LIMPEZA GERAL | C16: m2 | D16: 3.34 | E16: =VLOOKUP(A16,Composições!C:J,8,FALSE) -> 3.57 | F16: =E16 -> 3.57
A17: 45430 | B17: REATERRO APILOADO DE VALAS | C17: m3 | E17: =VLOOKUP(A17,Composições!C:J,8,FALSE) -> 58.72 | F17: =E17 -> 58.72
A18: 47027 | B18: ESCAVAÇÃO MANUAL | C18: m3 | E18: =Composições!J127 -> 53.63 | F18: =E18 -> 53.63
A19: 1416139 DN | B19: CORTE DE CHAPAS DE AÇO COM ESPESSURA DE 6.3 MM COM MAÇARICO OXIACETILENO | C19: m | E19: =Composições!J768 -> 1.53 | F19: =E19 -> 1.53
A20: 1416254 DN | B20: SOLDA COM MAÇARICO OXIACETILENO DE CHAPAS DE AÇO DE 6.3 MM | C20: m | E20: =Composições!J832 -> 38.21 | F20: =E20 -> 38.21
A21: 2306066 DN | B21: ESTACA RAIZ PERFURADA NO SOLO COM D = 40 CM - CONFECÇÃO | C21: m | E21: =VLOOKUP(A21,Composições!C:J,8,FALSE) -> 245.15 | F21: =E21 -> 245.15
A22: 2306070 DN | B22: ESTACA RAIZ PERFURADA NA ROCHA COM D = 31 CM - CONFECÇÃO | C22: m | E22: =VLOOKUP(A22,Composições!C:J,8,FALSE) -> 1413.64 | F22: =E22 -> 1413.64
A23: 2306248 DN | B23: ARRASAMENTO DE ESTACAS DE CONCRETO COM SEÇÃO SUPERIOR À 900 CM2 | C23: m3 | E23: =VLOOKUP(A23,Composições!C:J,8,FALSE) -> 541.83 | F23: =E23 -> 541.83
A24: 2306604 DN | B24: CONFECÇÃO DE CAMISA METÁLICA EM AÇO ASTM A36 COM ESPESSURA DE 6.3 MM - D=400 MM | C24: m | E24: =Composições!J704 -> 875.2 | F24: =E24 -> 875.2
A25: 2306733 DN | B25: CAMISA METÁLICA COM ESPESSURA DE 6.3 MM D=400 MM - PARA PASSAGEM DE LÂMINA DÁGUA - POSICIONAMENTO | C25: m | E25: =VLOOKUP(A25,Composições!C:J,8,FALSE) -> 1072.91 | F25: =E25 -> 1072.91
A26: 2408058 DN | B26: SOLDA ELÉTRICA DE PERFIS METÁLICOS E CHAPAS DE AÇO COM ELETRODO E70XX | C26: Kg | E26: =Composições!J896 -> 62.66 | F26: =E26 -> 62.66
A27: 42190A | B27: ADMINISTRAÇÃO LOCAL - TIPO F | C27: un | E27: =VLOOKUP(A27,Composições!C:J,8,FALSE) -> 228260.28 | F27: =E27 -> 228260.28
A28: A0001 | B28: PCMSO ( NR-7 ) | C28: un | E28: 475 | F28: =E28 -> 475
A29: A0002 | B29: PCMAT ( NR-18 ) | C29: un | E29: 1625 | F29: =E29 -> 1625
A30: A0003 | B30: Exames Admissionais/Demissionais | C30: un | E30: 25 | F30: =E30 -> 25
A31: A0004 | B31: Anotação de Responsabilidade Técnica | C31: un | E31: 254.59 | F31: =E31 -> 254.59
A32: A0005 | B32: Ensaios Tecnológicos | C32: un | E32: 210.66 | F32: =E32 -> 210.66
A33: C0001 | B33: Desmatamento, destocamento e limpeza - árvores com diâmetros menores de 15 cm | C33: m² | E33: 0.23 | F33: =E33 -> 0.23
A34: C0002 | B34: Escav., carga e transp. 1ª categ. c/ carregadeira p/ pequenos movimentos de terra - (dt: 201 a 400m) | C34: m² | E34: 10.98 | F34: =E34 -> 10.98
A35: C0003 | B35: Compactação mecânica sem controle de laboratório | C35: m³ | E35: 1.83 | F35: =E35 -> 1.83
A36: C0004 | B36: Escritório de campo | C36: m² | E36: 281.31 | F36: =E36 -> 281.31
A37: C0005 | B37: Alojamento (pessoal operacional) | C37: m² | E37: 281.31 | F37: =E37 -> 281.31
A38: C0006 | B38: Alojamento (pessoal técnico administrativo) | C38: m² | E38: 281.31 | F38: =E38 -> 281.31
A39: C0007 | B39: Alojamento (engenheiros) | C39: mês | E39: 5355.84 | F39: =E39 -> 5355.84
... A67: C0035 | B67: Licença de Outorga de Uso da Água | C67: un | E67: 4807.28 | F67: =E67 -> 4807.28
A68: 2 | B68: GABIÃO TIPO CAIXA SOLO REFORÇADO, MALHA HEXAGONAL 8 X 10 CM (ZN/AL REVESTIDO COM POLÍMERO), FIO 2,7MM, DIMENSÕES 2,0X1,0X1,0CM, COM CAUDA DE 7,0M | C68: m3 | E68: =VLOOKUP(A68,Composições!C:J,8,FALSE) -> #N/A | F68: =E68 -> #N/A
A69: 3 | B69: GABIÃO TIPO CAIXA MALHA HEXAGONAL 8X10X CM (H=0,5M)- REVESTIDO COM POLÍMERO RESISTENTE A ABRASÃO (< 9%) | C69: m3 | E69: =VLOOKUP(A69,Composições!C:J,8,FALSE) -> #N/A | F69: =E69 -> #N/A
A70: 4 | B70: GABIÃO TIPO CAIXA MALHA HEXAGONAL 8X10X CM (H=1,0M)- REVESTIDO COM POLÍMERO RESISTENTE A ABRASÃO (< 9%) | C70: m3 | E70: =VLOOKUP(A70,Composições!C:J,8,FALSE) -> #N/A | F70: =E70 -> #N/A
A71: 1018 | B71: TRANSPORTE LOCAL DE PEDRA MARROADA | C71: m3.Km | E71: 26.85 | F71: =E71 -> 26.85
A72: 40010 | B72: ESCAVAÇÃO, CARGA E TRANSPORTE DE MATERIAL DE 1ª CATEGORIA ATÉ 50M | C72: m3 | D72: 2.57 | E72: =VLOOKUP(A72,Composições!C:J,8,FALSE) -> #N/A | F72: =E72 -> #N/A
A73: 40016 | B73: ESCAV., CARGA E TRANSPORTE DE MAT. 1ª CATEG. - C/ ESCAVADEIRA - (DT: 201 A 400M) | C73: m3 | D73: 8.13 | E73: =VLOOKUP(A73,Composições!C:J,8,FALSE) -> #N/A | F73: =E73 -> #N/A
A74: 40090 | B74: ESCAV. E CARGA 1ª CATEG. - SEM TRANSPORTE | C74: m3 | D74: 1.94 | E74: =VLOOKUP(A74,Composições!C:J,8,FALSE) -> #N/A | F74: =E74 -> #N/A
A75: 40100 | B75: COMPACTAÇÃO A 95% DO PROCTOR NORMAL | C75: m3 | D75: 4.18 | E75: =VLOOKUP(A75,Composições!C:J,8,FALSE) -> #N/A | F75: =E75 -> #N/A
A76: 40101 | B76: COMPACTAÇÃO A 100% DO PROCTOR NORMAL | C76: m3 | D76: 5.02 | E76: =VLOOKUP(A76,Composições!C:J,8,FALSE) -> #N/A | F76: =E76 -> #N/A
A77: 40140 | B77: ESTABILIZAÇÃO DE SOLO COM BAIXA CAPACIDADE DE SUPORTE COM RACHÃO | C77: m2 | E77: =VLOOKUP(A77,Composições!C:J,8,FALSE) -> #N/A | F77: =E77 -> #N/A
A78: 40310 | B78: REGULARIZAÇÃO E COMPACTAÇÃO DO SUBLEITO | C78: m2 | D78: 2.25 | E78: =VLOOKUP(A78,Composições!C:J,8,FALSE) -> #N/A | F78: =E78 -> #N/A
A79: 40455 | B79: TRANSPORTE COMERCIAL DE AGREGADOS | C79: m3Km | E79: =VLOOKUP(A79,Composições!C:J,8,FALSE) -> #N/A | F79: =E79 -> #N/A
A80: 40810 | B80: DEFENSA METÁLICA SEMI-MALEÁVEL SIMPLES | C80: m | D80: 455.27 | E80: =VLOOKUP(A80,Composições!C:J,8,FALSE) -> #N/A | F80: =E80 -> #N/A
A81: 40895 | B81: SEMEADURA MANUAL | C81: m2 | D81: 0.66 | E81: =VLOOKUP(A81,Composições!C:J,8,FALSE) -> #N/A | F81: =E81 -> #N/A
A82: 42290 | B82: CANTEIRO DE OBRA - TIPO F | C82: un | D82: 155314.63 | E82: =VLOOKUP(A82,Composições!C:J,8,FALSE) -> 209374.64 | F82: =E82 -> 209374.64
A83: 42301 | B83: MOBILIZAÇÃO / DESMOBILIZAÇÃO - CONFORME DEMONSTRATIVO | C83: un | D83: 45903.2 | E83: =VLOOKUP(A83,Composições!C:J,8,FALSE) -> 34548.56 | F83: =E83 -> 34548.56
A84: 42825 | B84: DEMOLIÇÃO DE CONCRETO ARMADO | C84: m3 | E84: 621.78 | F84: =E84 -> 621.78
A85: 42856 | B85: ENROCAMENTO DE PEDRA ARGAMASSADA (AC/BC) | C85: m3 | D85: 308.55 | E85: =VLOOKUP(A85,Composições!C:J,8,FALSE) -> #N/A | F85: =E85 -> #N/A
A86: 45005 | B86: ESCAVAÇÃO MANUAL MAT. 1ª CAT. | C86: m3 | D86: 70.85 | E86: =VLOOKUP(A86,Composições!C:J,8,FALSE) -> #N/A | F86: =E86 -> #N/A
A87: 45015 | B87: ESCAVAÇÃO MANUAL MAT. 3ª CAT. | C87: m3 | D87: 297.83 | E87: =VLOOKUP(A87,Composições!C:J,8,FALSE) -> #N/A | F87: =E87 -> #N/A
A88: 45020 | B88: ESCAVAÇÃO MECÂNIZADA | C88: m3 | D88: 7.04 | E88: =VLOOKUP(A88,Composições!C:J,8,FALSE) -> #N/A | F88: =E88 -> #N/A
A89: 45035 | B89: FORMA CHAPA COMPENSADA RESINADA 12 MM (INCLUSO DESFORMA) | C89: m2 | D89: 90.8 | E89: =VLOOKUP(A89,Composições!C:J,8,FALSE) -> #N/A | F89: =E89 -> #N/A
A90: 45050 | B90: CONCRETO FCK=15 MPA (AC/BC) | C90: m3 | D90: 602.15 | E90: =VLOOKUP(A90,Composições!C:J,8,FALSE) -> #N/A | F90: =E90 -> #N/A
A91: 45055 | B91: ENSECADEIRA | C91: m2 | D91: 486.35 | E91: =VLOOKUP(A91,Composições!C:J,8,FALSE) -> #N/A | F91: =E91 -> #N/A
A92: 45060 | B92: ENCHIMENTO COM ARGILA | C92: m3 | D92: 70.85 | E92: =VLOOKUP(A92,Composições!C:J,8,FALSE) -> #N/A | F92: =E92 -> #N/A
A93: 45110 | B93: FORMA CHAPA COMPENSADA RESINADA 12 MM (INCLUSO DESFORMA) | C93: m2 | D93: 90.8 | E93: =VLOOKUP(A93,Composições!C:J,8,FALSE) -> #N/A | F93: =E93 -> #N/A
A94: 45120 | B94: AÇO CA50/60 AQUISIÇÃO, ARMAÇÃO E COLOCAÇÃO (INCLUSO PERDAS) - MESOESTRUTURA | C94: Kg | D94: 15.03 | E94: =VLOOKUP(A94,Composições!C:J,8,FALSE) -> 16.85 | F94: =E94 -> 16.85
A95: 45131 | B95: CONCRETO FCK=30 MPA COM ADITIVO | C95: m3 | D95: 646.64 | E95: =VLOOKUP(A95,Composições!C:J,8,FALSE) -> 685.57 | F95: =E95 -> 685.57
A96: 45145 | B96: FORMA CHAPA COMPENSADA RESINADA 12 MM (INCLUSO DESFORMA) | C96: m2 | D96: 90.8 | E96: =VLOOKUP(A96,Composições!C:J,8,FALSE) -> #N/A | F96: =E96 -> #N/A
A97: 45155 | B97: AÇO CA50/60 AQUISIÇÃO, ARMAÇÃO E COLOCAÇÃO (INCLUSO PERDAS) - SUPERESTRUTURA | C97: Kg | D97: 15.03 | E97: =VLOOKUP(A97,Composições!C:J,8,FALSE) -> 16.85 | F97: =E97 -> 16.85
A98: 45165 | B98: CONCRETO FCK=25 MPA (AC/BC) | C98: m3 | E98: 433.35 | F98: =E98 -> 433.35
A99: 45166 | B99: CONCRETO FCK=30 MPA COM ADITIVO | C99: m3 | D99: 646.64 | E99: =VLOOKUP(A99,Composições!C:J,8,FALSE) -> #N/A | F99: =E99 -> #N/A
A100: 45167 | B100: CONCRETO FCK=35 MPA COM ADITIVO (AC/BC) | C100: m3 | E100: 828.39 | F100: =E100 -> 828.39
A101: 45215 | B101: PAVIMENTAÇÃO-CONCRETO FCK=20 MPA (AC/BC) | C101: m3 | E101: 747.21 | F101: =E101 -> 747.21
A102: 45575 | B102: GEOTEXTIL - BIDIM RT-16 OU EQUIVALENTE | C102: m2 | E102: =VLOOKUP(A102,Composições!C:J,8,FALSE) -> #N/A | F102: =E102 -> #N/A
A103: 45590 | B103: ESCORAMENTO CONTÍNUO EM VALAS(ESP. 2,00M) | C103: m2 | D103: 80.84 | E103: =VLOOKUP(A103,Composições!C:J,8,FALSE) -> #N/A | F103: =E103 -> #N/A
A104: 47018 | B104: ARGAMASSA DE CIMENTO E AREIA 1:4 (AC) | C104: m3 | E104: 578.21 | F104: =E104 -> 578.21
A105: 47050 | B105: TRANSPORTE LOCAL DE MATERIAL BÁSICO | C105: tkm | D105: 1.58 | E105: =VLOOKUP(A105,Composições!C:J,8,FALSE) -> #N/A | F105: =E105 -> #N/A
A106: 1109680 | B106: ARGAMASSA PARA REPAROS E GRAUTEAMENTO - CONFECÇÃO EM MISTURADOR E LANÇAMENTO MANUAL | C106: m3Km | E106: =VLOOKUP(A106,Composições!C:J,8,FALSE) -> #N/A | F106: =E106 -> #N/A
A107: 2003934 | B107: TUBO DE PVC PARA DRENA TIPO BASBACÃ - D= 75MM - FORNECIMENTO E INSTALAÇÃO | C107: m | D107: 13.37 | E107: 13.37 | F107: =E107 -> 13.37
A108: 3808043 | B108: PINTURA MANUAL COM NATA DE CIMENTO - 3 DEMÃOS | C108: m2 | D108: 2.92 | E108: =VLOOKUP(A108,Composições!C:J,8,FALSE) -> #N/A | F108: =E108 -> #N/A
A109: 0307731DN | B109: APARELHO DE APOIO DE NEOPRENE FRETADO PARA ESTRUTURAS MOLDADAS NO LOCAL - FORNECIMENTO E INSTALAÇÃO | C109: dm3 | E109: 109.17 | F109: =E109 -> 109.17
A110: 1106128DN | B110: LANÇAMENTO MECÂNICO DE CONCRETO COM BOMBA REBÓCAVEL COM CAPACIDADE DE 41 M3/H - CONFECÇÃO EM CENTRAL DOSADORA DE 40 M3/H | C110: m3 | E110: 9.4 | F110: =E110 -> 9.4
A111: 1107888DN | B111: CONCRETO FCK = 15 MPA - CONFECÇÃO EM BETONEIRA E LANÇAMENTO MANUAL - AREIA E BRITA COMERCIAIS (LASTRO) | C111: m3 | E111: 285.23 | F111: =E111 -> 285.23
A112: 1109680DN | B112: ARGAMASSA PARA REPAROS E GRAUTEAMENTO - CONFECÇÃO EM MISTURADOR E LANÇAMENTO MANUAL | C112: m3 | E112: 2336.82 | F112: =E112 -> 2336.82
A113: 2306249DN | B113: ARRASAMENTO DE ESTACAS DE CONCRETO COM DIÂMETRO OU LARGURA = 40 CM | C113: un | E113: 30.32 | F113: =E113 -> 30.32
A114: 3713690DN | B114: TERMINAL DE ANCORAGEM DE DEFENSA METÁLICA EM BARREIRA NEW JERSEY - FORNECIMENTO E IMPLANTAÇÃO | C114: un | D114: 508.35 | E114: =VLOOKUP(A114,Composições!C:J,8,FALSE) -> #N/A | F114: =E114 -> #N/A
A115: 3713824DN | B115: CONFECÇÃO DE BARREIRA DUPLA DE CONCRETO, ARMADA, PRÉ-MOLDADA ( PERFIL NEW JERSEY) - L > 3,00 M E H = 810 MM | C115: m | E115: 307.57 | F115: =E115 -> 307.57
A116: 3713828DN | B116: BARREIRA DUPLA DE CONCRETO, ARMADA, PRÉ- MOLDADA (PERFIL NEW JERSEY) - L > 3,00 M E H = 810 MM | C116: m | E116: 390.28 | F116: =E116 -> 390.28
A117: 3807864DN | B117: CHUMBADOR DE EXPANSÃO CONTROLADA POR TORQUE PARA CONCRETO D=16 MM - FORNECIMENTO E INSTALAÇÃO | C117: um | D117: 15.68 | E117: 15.68 | F117: =E117 -> 15.68
A118: 4915644DN | B118: RECOMPOSIÇÃO DE DRENO EM TUBO DE AÇO GALVANIZADO D=100 MM E L = 50 CM EM OAE - FORNECIMENTO E INSTALAÇÃO EM OAE | C118: un | E118: 69.19 | F118: =E118 -> 69.19
A119: 5212552DN | B119: PINTURA ELETROSTÁTICA À PÓ COM TINTA POLIÉSTER EM CHAPA DE AÇO | C119: m2 | D119: 11.44 | E119: 11.44 | F119: =E119 -> 11.44
A120: 5213417DN | B120: PLACA EM AÇO Nº 16 GALVANIZADO COM PELÍCULA RETRORREFLETIVA I + III - CONFECÇÃO | C120: m2 | D120: 340.55 | E120: 340.55 | F120: =E120 -> 340.55
A121: 5213571DN | B121: PLACA EM AÇO - PELÍCULA I + III - FORNECIMENTO E IMPLANTAÇÃO | C121: m2 | D121: 471.72 | E121: =VLOOKUP(A121,Composições!C:J,8,FALSE) -> #N/A | F121: =E121 -> #N/A
A122: COT01 | B122: GABIÃO (1,00M) - REVESTIDO COM POLÍMERO RESISTENTE A ABRASÃO (<9%) - IMPLANTAÇÃO | C122: m3 | E122: =VLOOKUP(A122,Composições!C:J,8,FALSE) -> #N/A | F122: =E122 -> #N/A
A123: COT02 | B123: GABIÃO (H=0,50M), REVESTIMENTO COM POLÍMERO RESISTENTE A ABRASÃO (<9%) - IMPLANTAÇÃO | C123: m3 | E123: =VLOOKUP(A123,Composições!C:J,8,FALSE) -> #N/A | F123: =E123 -> #N/A
A124: COT03 | B124: MURO DE SOLO REFORÇADO, PARA MUROS COM ALTURA MAIOR QUE 4M E MENOR OU IGUAL A 12M (H=0,5M) - IMPLANTAÇÃO | C124: m3 | E124: =VLOOKUP(A124,Composições!C:J,8,FALSE) -> #N/A | F124: =E124 -> #N/A
A125: COT04 | B125: MURO DE SOLO REFORÇADO, PARA MUROS COM ALTURA MAIOR QUE 4M E MENOR OU IGUAL A 12M ( H=1,0M) - IMPLANTAÇÃO | C125: m3 | E125: =VLOOKUP(A125,Composições!C:J,8,FALSE) -> #N/A | F125: =E125 -> #N/A
A126: M0001 | B126: ESCAVADEIRA HIDRÁULICA - 320DL OU EQUIVALENTE | C126: un | E126: 1974.15 | F126: =E126 -> 1974.15
A127: M0002 | B127: MOTONIVELADORA - CAT 120K OU EQUIVALENTE | C127: un | E127: 1950.34 | F127: =E127 -> 1950.34
A128: M0003 | B128: RETRO ESCAVADEIRA DE PNEUS - MF 86HS OU EQUIVALENTE | C128: un | E128: 1880.21 | F128: =E128 -> 1880.21
...

Sheet Composições
I1: 0 | J1: 0 | L1: BDI: | M1: 0.2048
A3: Serviço: 40001 DESMATAMENTO, DESTOCAMENTO E LIMPEZA - ÁRVORES COM DIÂMETROS MENORES DE 15 CM
A4: (A)Equipamento | B4: Código auxiliar | C4: Ut. Pr | D4: Ut. Impr | E4: Vl. Hr. Prod | G4: Vl. Hr. Imp | I4: Consumo | J4: Custo Horário
A5: =VLOOKUP(B5,Equipamentos!A:E,2,FALSE) -> TRATOR ESTEIRAS COM LAMINA - CAT D6 OU EQUIVALENTE | B5: 30000 | C5: 1 | E5: =VLOOKUP(B5,Equipamentos!A:E,4,FALSE) -> 225.65 | G5: =VLOOKUP(B5,Equipamentos!A:E,5,FALSE) -> 71.76 | I5: 1 | J5: =TRUNC(I5*((C5*E5)+(D5*G5)),2) -> 225.65
A6: =VLOOKUP(B6,Equipamentos!A:E,2,FALSE) -> 0 | E6: =VLOOKUP(B6,Equipamentos!A:E,4,FALSE) -> 0 | G6: =VLOOKUP(B6,Equipamentos!A:E,5,FALSE) -> 0 | J6: =TRUNC(I6*((C6*E6)+(D6*G6)),2) -> 0
A7: =VLOOKUP(B7,Equipamentos!A:E,2,FALSE) -> 0 | E7: =VLOOKUP(B7,Equipamentos!A:E,4,FALSE) -> 0 | G7: =VLOOKUP(B7,Equipamentos!A:E,5,FALSE) -> 0 | J7: =TRUNC(I7*((C7*E7)+(D7*G7)),2) -> 0
A8: =VLOOKUP(B8,Equipamentos!A:E,2,FALSE) -> 0 | E8: =VLOOKUP(B8,Equipamentos!A:E,4,FALSE) -> 0 | G8: =VLOOKUP(B8,Equipamentos!A:E,5,FALSE) -> 0 | J8: =TRUNC(I8*((C8*E8)+(D8*G8)),2) -> 0
A9: =VLOOKUP(B9,Equipamentos!A:E,2,FALSE) -> 0 | E9: =VLOOKUP(B9,Equipamentos!A:E,4,FALSE) -> 0 | G9: =VLOOKUP(B9,Equipamentos!A:E,5,FALSE) -> 0 | J9: =TRUNC(I9*((C9*E9)+(D9*G9)),2) -> 0
A10: =VLOOKUP(B10,Equipamentos!A:E,2,FALSE) -> 0 | E10: =VLOOKUP(B10,Equipamentos!A:E,4,FALSE) -> 0 | G10: =VLOOKUP(B10,Equipamentos!A:E,5,FALSE) -> 0 | J10: =TRUNC(I10*((C10*E10)+(D10*G10)),2) -> 0
A11: =VLOOKUP(B11,Equipamentos!A:E,2,FALSE) -> 0 | E11: =VLOOKUP(B11,Equipamentos!A:E,4,FALSE) -> 0 | G11: =VLOOKUP(B11,Equipamentos!A:E,5,FALSE) -> 0 | J11: =TRUNC(I11*((C11*E11)+(D11*G11)),2) -> 0
A12: =VLOOKUP(B12,Equipamentos!A:E,2,FALSE) -> 0 | E12: =VLOOKUP(B12,Equipamentos!A:E,4,FALSE) -> 0 | G12: =VLOOKUP(B12,Equipamentos!A:E,5,FALSE) -> 0 | J12: =TRUNC(I12*((C12*E12)+(D12*G12)),2) -> 0
A13: =VLOOKUP(B13,Equipamentos!A:E,2,FALSE) -> 0 | E13: =VLOOKUP(B13,Equipamentos!A:E,4,FALSE) -> 0 | G13: =VLOOKUP(B13,Equipamentos!A:E,5,FALSE) -> 0 | J13: =TRUNC(I13*((C13*E13)+(D13*G13)),2) -> 0
A14: =VLOOKUP(B14,Equipamentos!A:E,2,FALSE) -> 0 | E14: =VLOOKUP(B14,Equipamentos!A:E,4,FALSE) -> 0 | G14: =VLOOKUP(B14,Equipamentos!A:E,5,FALSE) -> 0 | J14: =TRUNC(I14*((C14*E14)+(D14*G14)),2) -> 0
I15: (A)Total: | J15: =SUBTOTAL(9,J5:J14) -> 225.65
A16: (B)Mão-de-Obra | B16: Código auxiliar | C16: Eq. Salarial | D16: Sal/Hora | E16: Encargos(%) | I16: Consumo | J16: Custo Horário
A17: =VLOOKUP(B17,'M.O.'!A:E,2,FALSE) -> ENCARREGADO DE SERVIÇO | B17: 20002 | D17: =VLOOKUP(B17,'M.O.'!A:E,5,FALSE) -> 22.27 | E17: 111.5 | I17: 0.4 | J17: =TRUNC(I17*D17,2) -> 8.9
A18: =VLOOKUP(B18,'M.O.'!A:E,2,FALSE) -> AJUDANTE | B18: 20003 | D18: =VLOOKUP(B18,'M.O.'!A:E,5,FALSE) -> 14.1 | E18: 111.5 | I18: 2 | J18: =TRUNC(I18*D18,2) -> 28.2
A19: =VLOOKUP(B19,'M.O.'!A:E,2,FALSE) -> 0 | D19: =VLOOKUP(B19,'M.O.'!A:E,5,FALSE) -> 0 | E19: 111.5 | J19: =TRUNC(I19*D19,2) -> 0
A20: =VLOOKUP(B20,'M.O.'!A:E,2,FALSE) -> 0 | D20: =VLOOKUP(B20,'M.O.'!A:E,5,FALSE) -> 0 | E20: 111.5 | J20: =TRUNC(I20*D20,2) -> 0
A21: =VLOOKUP(B21,'M.O.'!A:E,2,FALSE) -> 0 | D21: =VLOOKUP(B21,'M.O.'!A:E,5,FALSE) -> 0 | E21: 111.5 | J21: =TRUNC(I21*D21,2) -> 0
A22: =VLOOKUP(B22,'M.O.'!A:E,2,FALSE) -> 0 | D22: =VLOOKUP(B22,'M.O.'!A:E,5,FALSE) -> 0 | E22: 111.5 | J22: =TRUNC(I22*D22,2) -> 0
A23: =VLOOKUP(B23,'M.O.'!A:E,2,FALSE) -> 0 | D23: =VLOOKUP(B23,'M.O.'!A:E,5,FALSE) -> 0 | E23: 111.5 | J23: =TRUNC(I23*D23,2) -> 0
A24: =VLOOKUP(B24,'M.O.'!A:E,2,FALSE) -> 0 | D24: =VLOOKUP(B24,'M.O.'!A:E,5,FALSE) -> 0 | E24: 111.5 | J24: =TRUNC(I24*D24,2) -> 0
A25: =VLOOKUP(B25,'M.O.'!A:E,2,FALSE) -> 0 | D25: =VLOOKUP(B25,'M.O.'!A:E,5,FALSE) -> 0 | E25: 111.5 | J25: =TRUNC(I25*D25,2) -> 0
A26: =VLOOKUP(B26,'M.O.'!A:E,2,FALSE) -> 0 | D26: =VLOOKUP(B26,'M.O.'!A:E,5,FALSE) -> 0 | E26: 111.5 | J26: =TRUNC(I26*D26,2) -> 0
I27: (B)Total: | J27: =SUBTOTAL(9,J17:J26) -> 37.1
A28: (C)Itens de Incidência | B28: Código auxiliar | C28: % | D28: M. O. | E28: Equip. | G28: Mat. | J28: Custo
A29: Ferramentas Manuais | B29: 14 | C29: 1.12 | D29: X | J29: =TRUNC((IF(D29<>0,J27,0)+IF(E29<>0,J15,0)+IF(G29<>0,J48,0))*(C29/100),2) -> 0.41
A30: EPI | B30: 11 | D30: X | J30: =TRUNC((IF(D30<>0,J27,0)+IF(E30<>0,J15,0)+IF(G30<>0,J48,0))*(C30/100),2) -> 0
A31: ALIMENTAÇÃO | B31: 12 | C31: 9.6 | D31: X | J31: =TRUNC((IF(D31<>0,J27,0)+IF(E31<>0,J15,0)+IF(G31<>0,J48,0))*(C31/100),2) -> 3.56
A32: TRANSP. DE PESSOAL | B32: 13 | C32: 4.79 | D32: X | J32: =TRUNC((IF(D32<>0,J27,0)+IF(E32<>0,J15,0)+IF(G32<>0,J48,0))*(C32/100),2) -> 1.77
I33: (C)Total: | J33: =SUBTOTAL(9,J29:J32) -> 5.74
I34: Custo Horário da Execução (A) + (B) + (C) | J34: =SUBTOTAL(9,J5:J33) -> 268.49
I35: (D) Produção da Equipe | J35: 1144
I36: (E) Custo Unitário da Execução [(A) + (B) + (C)] / (D) | J36: =TRUNC(J34/J35,2) -> 0.23
A37: (F)Materiais | B37: Código auxiliar | C37: Unid. | D37: Custo Unit. | I37: Consumo | J37: Custo Unit.
A38: =VLOOKUP(B38,Materiais!A:D,2,FALSE) -> 0 | C38: =VLOOKUP(B38,Materiais!A:D,3,FALSE) -> 0 | D38: =VLOOKUP(B38,Materiais!A:D,4,FALSE) -> 0 | J38: =TRUNC(I38*D38,2) -> 0
A39: =VLOOKUP(B39,Materiais!A:D,2,FALSE) -> 0 | C39: =VLOOKUP(B39,Materiais!A:D,3,FALSE) -> 0 | D39: =VLOOKUP(B39,Materiais!A:D,4,FALSE) -> 0 | J39: =TRUNC(I39*D39,2) -> 0
A40: =VLOOKUP(B40,Materiais!A:D,2,FALSE) -> 0 | C40: =VLOOKUP(B40,Materiais!A:D,3,FALSE) -> 0 | D40: =VLOOKUP(B40,Materiais!A:D,4,FALSE) -> 0 | J40: =TRUNC(I40*D40,2) -> 0
A41: =VLOOKUP(B41,Materiais!A:D,2,FALSE) -> 0 | C41: =VLOOKUP(B41,Materiais!A:D,3,FALSE) -> 0 | D41: =VLOOKUP(B41,Materiais!A:D,4,FALSE) -> 0 | J41: =TRUNC(I41*D41,2) -> 0
A42: =VLOOKUP(B42,Materiais!A:D,2,FALSE) -> 0 | C42: =VLOOKUP(B42,Materiais!A:D,3,FALSE) -> 0 | D42: =VLOOKUP(B42,Materiais!A:D,4,FALSE) -> 0 | J42: =TRUNC(I42*D42,2) -> 0
A43: =VLOOKUP(B43,Materiais!A:D,2,FALSE) -> 0 | C43: =VLOOKUP(B43,Materiais!A:D,3,FALSE) -> 0 | D43: =VLOOKUP(B43,Materiais!A:D,4,FALSE) -> 0 | J43: =TRUNC(I43*D43,2) -> 0
A44: =VLOOKUP(B44,Materiais!A:D,2,FALSE) -> 0 | C44: =VLOOKUP(B44,Materiais!A:D,3,FALSE) -> 0 | D44: =VLOOKUP(B44,Materiais!A:D,4,FALSE) -> 0 | J44: =TRUNC(I44*D44,2) -> 0
A45: =VLOOKUP(B45,Materiais!A:D,2,FALSE) -> 0 | C45: =VLOOKUP(B45,Materiais!A:D,3,FALSE) -> 0 | D45: =VLOOKUP(B45,Materiais!A:D,4,FALSE) -> 0 | J45: =TRUNC(I45*D45,2) -> 0
A46: =VLOOKUP(B46,Materiais!A:D,2,FALSE) -> 0 | C46: =VLOOKUP(B46,Materiais!A:D,3,FALSE) -> 0 | D46: =VLOOKUP(B46,Materiais!A:D,4,FALSE) -> 0 | J46: =TRUNC(I46*D46,2) -> 0
A47: =VLOOKUP(B47,Materiais!A:D,2,FALSE) -> 0 | C47: =VLOOKUP(B47,Materiais!A:D,3,FALSE) -> 0 | D47: =VLOOKUP(B47,Materiais!A:D,4,FALSE) -> 0 | J47: =TRUNC(I47*D47,2) -> 0
I48: (F)Total | J48: =SUBTOTAL(9,J38:J47) -> 0
A49: (G)Serviços | B49: Código auxiliar | C49: Unid. | D49: Custo Unit. | I49: Consumo | J49: Custo Unit.
A50: =VLOOKUP(B50,Serviços!A:D,2,FALSE) -> 0 | C50: =VLOOKUP(B50,Serviços!A:D,3,FALSE) -> 0 | D50: =VLOOKUP(B50,Serviços!A:F,6,FALSE) -> 0 | J50: =TRUNC(I50*D50,2) -> 0
A51: =VLOOKUP(B51,Serviços!A:D,2,FALSE) -> 0 | C51: =VLOOKUP(B51,Serviços!A:D,3,FALSE) -> 0 | D51: =VLOOKUP(B51,Serviços!A:F,6,FALSE) -> 0 | J51: =TRUNC(I51*D51,2) -> 0
A52: =VLOOKUP(B52,Serviços!A:D,2,FALSE) -> 0 | C52: =VLOOKUP(B52,Serviços!A:D,3,FALSE) -> 0 | D52: =VLOOKUP(B52,Serviços!A:F,6,FALSE) -> 0 | J52: =TRUNC(I52*D52,2) -> 0
A53: =VLOOKUP(B53,Serviços!A:D,2,FALSE) -> 0 | C53: =VLOOKUP(B53,Serviços!A:D,3,FALSE) -> 0 | D53: =VLOOKUP(B53,Serviços!A:F,6,FALSE) -> 0 | J53: =TRUNC(I53*D53,2) -> 0
A54: =VLOOKUP(B54,Serviços!A:D,2,FALSE) -> 0 | C54: =VLOOKUP(B54,Serviços!A:D,3,FALSE) -> 0 | D54: =VLOOKUP(B54,Serviços!A:F,6,FALSE) -> 0 | J54: =TRUNC(I54*D54,2) -> 0
I55: (G)Total: | J55: =SUBTOTAL(9,J50:J54) -> 0
A56: (H)Itens de Transporte | B56: Código auxiliar | C56: Unid. | D56: Fórmula | E56: X1 | F56: X2 | G56: X3 | H56: Custo | I56: Consumo | J56: Custo Unit.
J57: =TRUNC(I57*D57,2) -> 0
J58: =TRUNC(I58*D58,2) -> 0
J59: =TRUNC(I59*D59,2) -> 0
J60: =TRUNC(I60*D60,2) -> 0
J61: =TRUNC(I61*D61,2) -> 0
I62: (H)Total: | J62: =SUBTOTAL(9,J57:J61) -> 0
I63: Custo Direto Total (E) + (F) + (G) + (H) | J63: =SUBTOTAL(9,J36:J62) -> 0.23
B64: BDI | H64: BDI: | I64: =$M$1 -> 0.2048 | J64: =TRUNC(J63*I64,2) -> 0.04
B65: Código Serviço | C65: 40001 | I65: Preço Unitário Total | J65: =SUM(J63:J64) -> 0.27
A67: Serviço: 47027 ESCAVAÇÃO MANUAL Unidade: m3
A68: (A)Equipamento | B68: Código auxiliar | C68: Ut. Pr | D68: Ut. Impr | E68: Vl. Hr. Prod | G68: Vl. Hr. Imp | I68: Consumo | J68: Custo Horário
A69: =VLOOKUP(B69,Equipamentos!A:E,2,FALSE) -> 0 | E69: =VLOOKUP(B69,Equipamentos!A:E,4,FALSE) -> 0 | G69: =VLOOKUP(B69,Equipamentos!A:E,5,FALSE) -> 0 | J69: =TRUNC(I69*((C69*E69)+(D69*G69)),2) -> 0
A70: =VLOOKUP(B70,Equipamentos!A:E,2,FALSE) -> 0 | E70: =VLOOKUP(B70,Equipamentos!A:E,4,FALSE) -> 0 | G70: =VLOOKUP(B70,Equipamentos!A:E,5,FALSE) -> 0 | J70: =TRUNC(I70*((C70*E70)+(D70*G70)),2) -> 0
A71: =VLOOKUP(B71,Equipamentos!A:E,2,FALSE) -> 0 | E71: =VLOOKUP(B71,Equipamentos!A:E,4,FALSE) -> 0 | G71: =VLOOKUP(B71,Equipamentos!A:E,5,FALSE) -> 0 | J71: =TRUNC(I71*((C71*E71)+(D71*G71)),2) -> 0
A72: =VLOOKUP(B72,Equipamentos!A:E,2,FALSE) -> 0 | E72: =VLOOKUP(B72,Equipamentos!A:E,4,FALSE) -> 0 | G72: =VLOOKUP(B72,Equipamentos!A:E,5,FALSE) -> 0 | J72: =TRUNC(I72*((C72*E72)+(D72*G72)),2) -> 0
A73: =VLOOKUP(B73,Equipamentos!A:E,2,FALSE) -> 0 | E73: =VLOOKUP(B73,Equipamentos!A:E,4,FALSE) -> 0 | G73: =VLOOKUP(B73,Equipamentos!A:E,5,FALSE) -> 0 | J73: =TRUNC(I73*((C73*E73)+(D73*G73)),2) -> 0
A74: =VLOOKUP(B74,Equipamentos!A:E,2,FALSE) -> 0 | E74: =VLOOKUP(B74,Equipamentos!A:E,4,FALSE) -> 0 | G74: =VLOOKUP(B74,Equipamentos!A:E,5,FALSE) -> 0 | J74: =TRUNC(I74*((C74*E74)+(D74*G74)),2) -> 0
A75: =VLOOKUP(B75,Equipamentos!A:E,2,FALSE) -> 0 | E75: =VLOOKUP(B75,Equipamentos!A:E,4,FALSE) -> 0 | G75: =VLOOKUP(B75,Equipamentos!A:E,5,FALSE) -> 0 | J75: =TRUNC(I75*((C75*E75)+(D75*G75)),2) -> 0
A76: =VLOOKUP(B76,Equipamentos!A:E,2,FALSE) -> 0 | E76: =VLOOKUP(B76,Equipamentos!A:E,4,FALSE) -> 0 | G76: =VLOOKUP(B76,Equipamentos!A:E,5,FALSE) -> 0 | J76: =TRUNC(I76*((C76*E76)+(D76*G76)),2) -> 0
A77: =VLOOKUP(B77,Equipamentos!A:E,2,FALSE) -> 0 | E77: =VLOOKUP(B77,Equipamentos!A:E,4,FALSE) -> 0 | G77: =VLOOKUP(B77,Equipamentos!A:E,5,FALSE) -> 0 | J77: =TRUNC(I77*((C77*E77)+(D77*G77)),2) -> 0
A78: =VLOOKUP(B78,Equipamentos!A:E,2,FALSE) -> 0 | E78: =VLOOKUP(B78,Equipamentos!A:E,4,FALSE) -> 0 | G78: =VLOOKUP(B78,Equipamentos!A:E,5,FALSE) -> 0 | J78: =TRUNC(I78*((C78*E78)+(D78*G78)),2) -> 0
I79: (A)Total: | J79: =SUBTOTAL(9,J69:J78) -> 0
A80: (B)Mão-de-Obra | B80: Código auxiliar | C80: Eq. Salarial | D80: Sal/Hora | E80: Encargos(%) | I80: Consumo | J80: Custo Horário
A81: =VLOOKUP(B81,'M.O.'!A:E,2,FALSE) -> ENCARREGADO DE SERVIÇO | B81: 20002 | C81: =VLOOKUP(B81,'M.O.'!A:E,4,FALSE) -> 10.53 | D81: =VLOOKUP(B81,'M.O.'!A:E,5,FALSE) -> 22.27 | E81: 111.5 | I81: 0.1 | J81: =TRUNC(I81*D81,2) -> 2.22
A82: =VLOOKUP(B82,'M.O.'!A:E,2,FALSE) -> AJUDANTE | B82: 20003 | C82: =VLOOKUP(B82,'M.O.'!A:E,4,FALSE) -> 6.67 | D82: =VLOOKUP(B82,'M.O.'!A:E,5,FALSE) -> 14.1 | E82: 111.5 | I82: 3 | J82: =TRUNC(I82*D82,2) -> 42.3
A83: =VLOOKUP(B83,'M.O.'!A:E,2,FALSE) -> 0 | C83: =VLOOKUP(B83,'M.O.'!A:E,4,FALSE) -> 0 | D83: =VLOOKUP(B83,'M.O.'!A:E,5,FALSE) -> 0 | E83: 111.5 | J83: =TRUNC(I83*D83,2) -> 0
A84: =VLOOKUP(B84,'M.O.'!A:E,2,FALSE) -> 0 | C84: =VLOOKUP(B84,'M.O.'!A:E,4,FALSE) -> 0 | D84: =VLOOKUP(B84,'M.O.'!A:E,5,FALSE) -> 0 | E84: 111.5 | J84: =TRUNC(I84*D84,2) -> 0
A85: =VLOOKUP(B85,'M.O.'!A:E,2,FALSE) -> 0 | C85: =VLOOKUP(B85,'M.O.'!A:E,4,FALSE) -> 0 | D85: =VLOOKUP(B85,'M.O.'!A:E,5,FALSE) -> 0 | E85: 111.5 | J85: =TRUNC(I85*D85,2) -> 0
A86: =VLOOKUP(B86,'M.O.'!A:E,2,FALSE) -> 0 | C86: =VLOOKUP(B86,'M.O.'!A:E,4,FALSE) -> 0 | D86: =VLOOKUP(B86,'M.O.'!A:E,5,FALSE) -> 0 | E86: 111.5 | J86: =TRUNC(I86*D86,2) -> 0
A87: =VLOOKUP(B87,'M.O.'!A:E,2,FALSE) -> 0 | C87: =VLOOKUP(B87,'M.O.'!A:E,4,FALSE) -> 0 | D87: =VLOOKUP(B87,'M.O.'!A:E,5,FALSE) -> 0 | E87: 111.5 | J87: =TRUNC(I87*D87,2) -> 0
A88: =VLOOKUP(B88,'M.O.'!A:E,2,FALSE) -> 0 | C88: =VLOOKUP(B88,'M.O.'!A:E,4,FALSE) -> 0 | D88: =VLOOKUP(B88,'M.O.'!A:E,5,FALSE) -> 0 | E88: 111.5 | J88: =TRUNC(I88*D88,2) -> 0
A89: =VLOOKUP(B89,'M.O.'!A:E,2,FALSE) -> 0 | C89: =VLOOKUP(B89,'M.O.'!A:E,4,FALSE) -> 0 | D89: =VLOOKUP(B89,'M.O.'!A:E,5,FALSE) -> 0 | E89: 111.5 | J89: =TRUNC(I89*D89,2) -> 0
A90: =VLOOKUP(B90,'M.O.'!A:E,2,FALSE) -> 0 | C90: =VLOOKUP(B90,'M.O.'!A:E,4,FALSE) -> 0 | D90: =VLOOKUP(B90,'M.O.'!A:E,5,FALSE) -> 0 | E90: 111.5 | J90: =TRUNC(I90*D90,2) -> 0
I91: (B)Total: | J91: =SUBTOTAL(9,J81:J90) -> 44.52
A92: (C)Itens de Incidência | B92: Código auxiliar | C92: % | D92: M. O. | E92: Equip. | G92: Mat. | J92: Custo
A93: Ferramentas Manuais | B93: 14 | C93: 5 | D93: X | J93: =TRUNC((IF(D93<>0,J91,0)+IF(E93<>0,J79,0)+IF(G93<>0,J112,0))*(C93/100),2) -> 2.22
A94: EPI | B94: 11 | C94: 1.12 | D94: X | J94: =TRUNC((IF(D94<>0,J91,0)+IF(E94<>0,J79,0)+IF(G94<>0,J112,0))*(C94/100),2) -> 0.49
A95: ALIMENTAÇÃO | B95: 12 | C95: 9.6 | D95: X | J95: =TRUNC((IF(D95<>0,J91,0)+IF(E95<>0,J79,0)+IF(G95<>0,J112,0))*(C95/100),2) -> 4.27
A96: TRANSP. DE PESSOAL | B96: 13 | C96: 4.79 | D96: X | J96: =TRUNC((IF(D96<>0,J91,0)+IF(E96<>0,J79,0)+IF(G96<>0,J112,0))*(C96/100),2) -> 2.13
I97: (C)Total: | J97: =SUBTOTAL(9,J93:J96) -> 9.11
I98: Custo Horário da Execução (A) + (B) + (C) | J98: =SUBTOTAL(9,J69:J97) -> 53.63
I99: (D) Produção da Equipe | J99: 1
I100: (E) Custo Unitário da Execução [(A) + (B) + (C)] / (D) | J100: =TRUNC(J98/J99,2) -> 53.63
A101: (F)Materiais | B101: Código auxiliar | C101: Unid. | D101: Custo Unit. | I101: Consumo | J101: Custo Unit.
A102: =VLOOKUP(B102,Materiais!A:D,2,FALSE) -> 0 | C102: =VLOOKUP(B102,Materiais!A:D,3,FALSE) -> 0 | D102: =VLOOKUP(B102,Materiais!A:D,4,FALSE) -> 0 | J102: =TRUNC(I102*D102,2) -> 0
...

Sheet Materiais
A1: Código auxiliar | B1: Material | C1: Unidade | D1: Custo Unitário
A2: 0 | B2: 0 | C2: 0 | D2: 0
A3: 10010 | B3: CIMENTO PORTLAND CP II - 32 | C3: Kg | D3: 0.65
A4: 10034 | B4: PEDRA DE MÃO / MARROADA | C4: m3 | D4: 76.99
A5: 10044 | B5: PREGO | C5: Kg | D5: 20.27
A6: 10048 | B6: SARRAFO | C6: m | D6: 7.93
A7: 10055 | B7: TELA DE AÇO REVEST. PVC P/ GABIÕES (1,00M) - TIPO CAIXÃO | C7: m3 | D7: 449.01
A8: 10069 | B8: AÇO CA - 50 | C8: Kg | D8: 8.41
A9: 10081 | B9: AREIA - COMERCIAL (AC) | C9: m3 | D9: 110.34
A10: 10082 | B10: BRITA - COMERCIAL (BC) | C10: m3 | D10: 84.28
A11: 10097 | B11: ADITIVO PLASTIFICANTE E RETARDADOR | C11: Kg | D11: 5.69
A12: 10098 | B12: ISOPOR 5CM DE ESPESSURA | C12: m2 | D12: 18.8
A13: 11001 | B13: APARELHO DE NEOPRENE FRETADO | C13: dm3 | D13: 82.81
A14: 11002 | B14: ARAME GALVANIZADO Nº 10 | C14: Kg | D14: 20.63
... A21: 11033 | B21: TUBO PVC 100 MM | C21: m | D21: 15.41
A22: A0001 | B22: Material de Expediente / Cópias / Impressões | C22: mês | D22: 200
A23: A0002 | B23: Medicamentos | C23: mês | D23: 50
A24: M0669 | B24: MARTELO DE FUNDO DTH - D = 8" | C24: un | D24: 30884.66
A25: M1644 | B25: BIT DE BOTÃO ESFÉRICO - D = 9 7/8" | C25: un | D25: 9176.25
A26: M2321 | B26: TUBO DE REVESTIMENTO PARA ESTACA RAIZ SCH 80 - D EXTERNO = 323,8 MM - 132,04 KG/M | C26: m | D26: 3169.75
A27: M0601 | B27: PONTEIRO PARA MARTELETE - D=32 MM E C= 1,00 M | C27: un | D27: 675.11
A28: M1387 | B28: CHAPA GROSSA EM AÇO ASTM A36 | C28: Kg | D28: 11.69
A29: M1796 | B29: GÁS ACETILENO | C29: Kg | D29: 47.49
A30: M1795 | B30: GÁS OXIGÊNIO | C30: m3 | D30: 12.39
A31: M1398 | B31: VARETA EM AÇO-CARBONO PARA SOLDA OXIACETILENTO AWS A 5.2 R45 | C31: Kg | D31: 35.03
A32: M2130 | B32: ELETRODO REVESTIDO E70XX | C32: Kg | D32: 30.87
A33: 5 | B33: ARAME PROTEGIDO COM POLÍMERO PARA GABIÃO, DIÂMETRO 3,2MM | C33: Kg | D33: 53.54
A34: 2023 | B34: TÁBUA PARA FORMA (30CM) | C34: m | D34: 11.27
A35: 2779 | B35: COMPACTADOR DE PLACA VIBRATÓRIA A GASOLINA POTÊNCIA 3HP (MANUTENÇÃO E DEPRECIAÇÃO DO EQUIPAMENTO) - PREÇO DO EQUIPAMENTO NOVO DIVIDIDO POR 1.000 | C35: UN | D35: 5.04
A36: 2782 | B36: GASOLINA | C36: L | D36: 4.65
A37: 10000 | B37: ADUBO NPK | C37: Kg | D37: 0.94
A38: 10002 | B38: ARAME LISO | C38: m | D38: 0.13
A39: 10004 | B39: BLOKRET 8CM FCK 22 MPA | C39: m2 | D39: 49.05
A40: 10009 | B40: CAL HIDRATADA | C40: Kg | D40: 0.36
A41: 10011 | B41: COLA POLIESTER | C41: Kg | D41: 17.2
A42: 10013 | B42: CORDEL DETONANTE NP 10 | C42: m | D42: 1.62
A43: 10014 | B43: DEFENSA METÁLICA | C43: m | D43: 356.35
A44: 10015 | B44: EMULSÃO EXPLOSIVA ENCARTUCHADA | C44: Kg | D44: 8.28
... A84: 10068 | B84: TUBO PERFURADO PVC 100 MM | C84: m | D84: 24.79
A85: 10070 | B85: ASFALTO DILUÍDO DE PETRÓLEO CM-30 | C85: t
A86: 10071 | B86: EMULSÃO ASFÁLTICA RL-1C | C86: t
A87: 10072 | B87: EMULSÃO ASFÁLTICA RM-1C | C87: t
A88: 10073 | B88: EMULSÃO ASFÁLTICA RR-1C | C88: t
A89: 10074 | B89: EMULSÃO ASFÁLTICA RR-2C | C89: t
A90: 10075 | B90: CIMENTO ASFÁLTICO DE PETRÓLEO CAP-60/85 COM POLÍMERO SBS | C90: t
A91: 10076 | B91: CIMENTO ASFÁLTICO DE PETRÓLEO CAP-50/70 | C91: t
A92: 10077 | B92: EMULSÃO ASFÁLTICA RC-1C C/ POLIMERO | C92: t
A93: 10078 | B93: PLACA EM CHAPA DE ALUMÍNIO 2MM | C93: m2 | D93: 193.84
A94: 10079 | B94: TUBO DRENO PEAD CORRUGADO PERFURADO D=100mm | C94: m | D94: 18.29
A95: 10083 | B95: COROA PARA PERFURATRIZ DE ESTEIRA | C95: un | D95: 417.25
A96: 10084 | B96: PUNHO PARA PERFURATRIZ DE ESTEIRA | C96: un | D96: 783.28
A97: 10085 | B97: LUVA PARA PERFURATRIZ DE ESTEIRA | C97: un | D97: 175.71
A98: 10086 | B98: HASTE PARA PERFURATRIZ DE ESTEIRA | C98: un | D98: 796.82
A99: 10087 | B99: RETARDADOR DE CORDEL | C99: un | D99: 21.31
A100: 10088 | B100: SÉRIE DE BROCAS S-12 D=22mm | C100: un | D100: 659.81
A101: 10089 | B101: APOIO DO PORTA BIT FRESADORA W 200 | C101: un | D101: 991.17
A102: 10090 | B102: PORTA BIT P/ FRESADORA W 200 | C102: un | D102: 382.01
A103: 10091 | B103: BIT P/ FRESADORA W 200 | C103: un | D103: 25.92
A104: 10093 | B104: BRITA PÓ DE PEDRA (BC) | C104: m3 | D104: 47.91
... A158: 11049 | B158: TELA SOLDADA NERVURADA Nº 246 | C158: m2 | D158: 18.1
A159: 5213417DN | B159: PLACA EM AÇO Nº 16 GALVANIZADO COM PELÍCULA RETRORREFLETIVA I + III - CONFECÇÃO | C159: m2 | D159: 340.55
A160: C001 | B160: GABIÃO TIPO CAIXA MALHA HEXAGONAL 8 x 10 CM (H=0,50M) - REVESTIDO COM POLÍMERO RESISTENTE A ABRASÃO (< 9%) | C160: m3 | D160: 990.86
A161: C002 | B161: ARAME PROTEGIDO COM POLIMERO PARA GABIAO, DIAMETRO 3,2 MM | C161: Kg | D161: 48
A162: M0083 | B162: ARGAMASSA PRÉ-DOSADA PARA GRAUTEAMENTO | C162: kg | D162: 1.44
A163: M0290 | B163: TÁBUA 2,5 X 10 CM | C163: m | D163: 3.73
A164: M0310 | B164: PEÇA DE MADEIRA DE 2,5 X 7,5 CM | C164: m | D164: 3.67
A165: M0412 | B165: CHUMBADOR DE EXPANSÃO CONTROLADA POR TORQUE EM AÇO ZINCADO PARA CONCRETO - D= 16 MM | C165: un | D165: 14.21
A166: M0786 | B166: PLACA DE POLIESTIRENO EXPANDIDO (EPS) | C166: m3 | D166: 196
A167: M0798 | B167: APOIO DE NEOPRENE FRETADO | C167: dm3 | D167: 76.67
A168: M1131 | B168: CORDÃO DE POLIETILENO EXPANDIDO | C168: m | D168: 0.12
A169: M1367 | B169: CHAPA FINA EM AÇO GALVANIZADO | C169: Kg | D169: 9.71
A170: M1378 | B170: CHAPA DE AÇO ASTM A36 | C170: Kg | D170: 5.95
... A177: M3237 | B177: PELÍCULA RETRORREFLETIVA TIPO III | C177: m2 | D177: 182.02

Sheet M.O.
A1: Código auxiliar | B1: Mão-de-obra | C1: Unidade | D1: Valor sem encargos | E1: Valor com encargos
A2: 0 | B2: 0 | C2: 0 | D2: 0 | E2: 0
A3: 20000 | B3: OPERADOR DE EQUIPAMENTO LEVE | C3: h | D3: 8.85 | E3: 18.71
A4: 20002 | B4: ENCARREGADO DE SERVIÇO | C4: h | D4: 10.53 | E4: 22.27
A5: 20003 | B5: AJUDANTE | C5: h | D5: 6.67 | E5: 14.1
A6: 20016 | B6: CARPINTEIRO | C6: h | D6: 8.85 | E6: 18.71
A7: 20017 | B7: PEDREIRO | C7: h | D7: 8.85 | E7: 18.71
A8: 20018 | B8: ARMADOR | C8: h | D8: 8.85 | E8: 18.71
A9: 20031 | B9: SERVENTE | C9: h | D9: 6.14 | E9: 12.98
A10: A0001 | B10: Engenheiro de Produção/ Civil | C10: mês | E10: 18121.24
A11: A0002 | B11: Topógrafo | C11: mês | E11: 5583.8
A12: A0003 | B12: Auxiliar de Topografia | C12: mês | E12: 2186.31
A13: A0004 | B13: Motorista | C13: mês | E13: 3273.66
A14: A0005 | B14: Almoxarife / Apontador / Comprador | C14: mês | E14: 6771.77
A15: A0006 | B15: Vigia | C15: mês | E15: 2263.7
A16: P9825 | B16: SOLDADOR | C16: h | D16: 13.32 | E16: 28.17
A17: 21 | B17: SERRALHEIRO | C17: h | D17: 8.45 | E17: 16.21
A18: 20001 | B18: MOTORISTA DE VEÍCULO LEVE | C18: h | D18: 8.35 | E18: 16.02
A19: 20004 | B19: OPERADOR DE EQUIPAMENTO ESPECIAL | C19: h | D19: 13.55 | E19: 25.99
A20: 20006 | B20: OPERADOR DE COMPRESSOR DE AR | C20: h | D20: 7.57 | E20: 14.52
A21: 20008 | B21: OPERADOR DE USINA DE ASFALTO | C21: h | D21: 13.55 | E21: 25.99
A22: 20013 | B22: GREDISTA | C22: h | D22: 6.08 | E22: 11.66
A23: 20014 | B23: BLASTER | C23: h | D23: 8.82 | E23: 19.56
A24: 20015 | B24: MONTADOR | C24: h | D24: 10.1 | E24: 15.82
A25: 20019 | B25: PINTOR | C25: h | D25: 8.45 | E25: 16.21
A26: 20021 | B26: MARTELEIRO | C26: h | D26: 8.25 | E26: 15.82
A27: 20023 | B27: RASTELEIRO | C27: h | D27: 8.25 | E27: 15.82
A28: 20026 | B28: OPERADOR DE EQUIPAMENTO PESADO | C28: h | D28: 10.08 | E28: 19.33
... A36: 21025 | B36: CAVOUQUEIRO | C36: h | D36: 8.25 | E36: 15.82
A37: P9823 | B37: SERRALHEIRO | C37: h | D37: 7.47 | E37: 14.33

Sheet Equipamentos
A1: Código auxiliar | B1: Equipamento | C1: Unid. | D1: Hora Prod. | E1: Hora Impr
A2: 0 | B2: 0 | C2: 0 | D2: 0 | E2: 0
A3: 30000 | B3: TRATOR ESTEIRAS COM LAMINA - CAT D6 OU EQUIVALENTE | C3: h | D3: 225.65 | E3: 71.76
A4: 30032 | B4: BETONEIRA DE 320L - ELÉTRICA | C4: h | D4: 0.92 | E4: 0.55
A5: 30033 | B5: CARRINHO DE MÃO 80L | C5: h | D5: 0.75 | E5: 0.5
A6: 30034 | B6: VIBRADOR DE IMERSÃO - D = 35 mm | C6: h | D6: 4.93 | E6: 0.65
A7: 30035 | B7: CAMINHÃO CARROCERIA MADEIRA - 15 T | C7: h | D7: 253.44 | E7: 48.18
A8: 30037 | B8: CAMINHÃO BASCULANTE 10 M3 - 15 T | C8: h | D8: 296.79 | E8: 57.98
A9: 30039 | B9: CAMINHÃO TANQUE 6.000L | C9: h | D9: 231.68 | E9: 43.98
A10: 30042 | B10: GRUPO GERADOR 36 / 40 KVA | C10: h | D10: 37.67 | E10: 2.7
A11: 30046 | B11: MOTONIVELADORA - CAT 120K OU EQUIVALENTE | C11: h | D11: 239.37 | E11: 84.93
A12: 30047 | B12: SERRA CIRCULAR 12" COM BANCADA | C12: h | D12: 0.9 | E12: 0.58
A13: 30057 | B13: ESCAVADEIRA HIDRÁULICA - CAT 323DL OU EQUIVALENTE | C13: h | D13: 307.67 | E13: 125.69
A14: 31015 | B14: MOTOSSERRA | C14: h | D14: 4.24 | E14: 1.15
A15: A0001 | B15: Veículos Leves (incluso combustível) | C15: mês | D15: 2997.26
A16: E9547 | B16: MÁQUINA PARA SOLDA ELÉTRICA- 9,2 KW E | C16: h | D16: 0.12 | E16: 0.06
A17: E9642 | B17: PERFURATRIZ HIDRÁULICA SOBRE ESTEIRAS PARA ESTACA RAIZ - 56 KW | C17: h | D17: 261.48 | E17: 129.22
A18: E9652 | B18: COMPRESSOR DE AR PORTÁTIL DE 1146 PCM - 369 KW | C18: h | D18: 450.09 | E18: 52.87
A19: E9694 | B19: MISTURADOR DE ARGAMASSA DE ALTA TUBURLÊNCIA COM CAPACIDADE DE 220 L | C19: h | D19: 22.3 | E19: 20.63
A20: E9750 | B20: BOMBA DE INJEÇÃO DE ARGAMASSA COM CAPACIDADE DE 50 L / MIN | C20: h | D20: 5.59 | E20: 2.98
A21: E9779 | B21: GRUPO GERADOR - 100/110 KVA | C21: h | D21: 104.42 | E21: 3.94
A22: E9640 | B22: COMPRESSOR DE AR PORTÁTIL DE 33,51 L/S (71 PCM) - 14 KW | C22: h | D22: 25.81 | E22: 5.63
A23: E9706 | B23: MARTELETE PERFURADOR/ROMPEDOR A AR COMPRIMIDO DE 28 KG PARA CONCRETO COM CAPACIDADE DE 1230 GPM | C23: h | D23: 21.41 | E23: 20.06
A24: E9660 | B24: GUINDASTE MÓVEL SOBRE ESTEIRAS COM CAPACIDADE DE 40 T - 186 KW | C24: h | D24: 365.66 | E24: 146.3
A25: E9756 | B25: CALANDRA PARA CHAPAS DE AÇO DE 25 MM - 22KW | C25: h | D25: 80.53 | E25: 51.69
A26: E9070 | B26: PONTE ROLANTE COM CAPACIDADE DE 5 T E VÃO DE ATÉ 15 M - 10 KW | C26: h | D26: 41.99 | E26: 33.04
A27: E9662 | B27: EQUIPAMENTO PARA SOLDA E CORTE COM OXIACETILENO | C27: h | D27: 0.94 | E27: 0.47
A28: 30001 | B28: TRATOR ESTEIRA COM LÂMINA - CAT D8 OU EQUIVALENTE | C28: h | D28: 640.29 | E28: 176.58
A29: 30002 | B29: TRATOR ESTEIRAS COM ESCARIFICADOR - CAT D8 OU EQUIVALENTE | C29: h | D29: 384.76 | E29: 110.2
A30: 30005 | B30: TRATOR DE PNEUS AGRÍCOLA - MF 4292 OU EQUIVALENTE | C30: h | D30: 97.43 | E30: 24.94
A31: 30006 | B31: TRATOR DE PNEUS COM ROÇADEIRA | C31: h | D31: 75.34 | E31: 24
A32: 30007 | B32: CARREGADEIRA DE PNEUS CAT - 950 H OU EQUIVALENTE | C32: h | D32: 292.94 | E32: 96.61
A33: 30008 | B33: RETRO ESCAVADEIRA DE PNEUS - CATERPILLAR 416E OU EQUIVALENTE | C33: h | D33: 115.78 | E33: 45.88
A34: 30009 | B34: ROLO PÉ DE CARNEIRO AUTOPROPELIDO - CA 250 OU EQUIVALENTE | C34: h | D34: 160.26 | E34: 58.31
A35: 30010 | B35: CARREGADEIRA DE PNEUS CAT - 924 H OU EQUIVALENTE | C35: h | D35: 136.43 | E35: 51.05
A36: 30011 | B36: ESCAVADEIRA HIDRÁULICA - 320DL OU EQUIVALENTE | C36: h | D36: 237.86 | E36: 86.75
A37: 30012 | B37: ROLO LISO TANDEN - 6/8 T - CA-150 OU EQUIVALENTE | C37: h | D37: 84.21 | E37: 31.94
A38: 30013 | B38: GRADE DE DISCO - 24X24 | C38: h | D38: 3.39 | E38: 2.18
A39: 30014 | B39: ROLO LISO VIBRATÓRIO AUTOPROPELIDO - CS533 E OU EQUIVALENTE | C39: h | D39: 123.03 | E39: 44.07
... A79: 31062 | B79: CAMINHÃO MUNCK | C79: h | D79: 133.19 | E79: 34.8
A80: E9010 | B80: BALANÇA PLATAFORMA DIGITAL COM MESA DE 75 X 75 CM COM CAPACIDADE DE 500 KG | C80: h | D80: 0.96 | E80: 0.63
A81: E9041 | B81: CAMINHÃO CARROCERIA COM GUINDAUTO COM CAPACIDADE DE 45 T.M - 188 KW | C81: h | D81: 238.63 | E81: 83.29
A82: E9052 | B82: EMPILHADEIRA A DIESEL COM CAPACIDADE DE 10 T - 100 KW | C82: h | D82: 143.2 | E82: 60.42
A83: E9064 | B83: TRANSPORTADOR MANUAL DE GERICA COM CAPACIDADE DE 180L | C83: h | D83: 1.33 | E83: 0.89
A84: E9066 | B84: GRUPO GERADOR - 13/14 KVA | C84: h | D84: 13.4 | E84: 2.9
A85: E9076 | B85: EQUIPAMENTO PARA PINTURA ELETROSTÁTICA COM CABINE DUPLA DE 7,0 KW E ESTUFA DE 80.000 KCAL | C85: h | D85: 34.78 | E85: 29.74
A86: E9086 | B86: BOMBA DE CONCRETO REBOCÁVEL COM CAPACIDADE DE 41 M3/H - 74KW | C86: h | D86: 143 | E86: 50
A87: E9144 | B87: PÓRTICO METÁLICO ROLANTE COM TALHA COM CAPACIDADE DE 5T - 10 KW | C87: h | D87: 27.7 | E87: 24.1
A88: E9507 | B88: PLOTADORA DE RECORTE COM COMPUTADOR E PROGRAMA COMPUTACIONAL | C88: h | D88: 9.89 | E88: 6.2
A89: E9519 | B89: BETONEIRA COM MOTOR A GASOLINA COM CAPACIDADE DE 600 L - 10kW | C89: h | D89: 33.69 | E89: 19.31
A90: E9535 | B90: SERRA CIRCULAR COM BANCADA D = 30 CM - 4 KW | C90: h | D90: 18.38 | E90: 18.15
A91: E9568 | B91: FURADEIRA DE IMPACTO DE 12.5 MM - 0,80 KW | C91: h | D91: 0.18 | E91: 0.12
... A98: E9788 | B98: MISTURADOR DE ARGAMASSA COM CAPACIDADE DE 250 L - 3,7 KW | C98: h | D98: 24.79 | E98: 18.6
